Cogmind - Beta 15 @@@ ROGUE MODE // 2025.05.09 @ 01:50:01 Player: Cogchaaaan Result: Destroyed by B-99 Colossus with Multirail Performance ------------- Evolutions (9) 4500 Regions Visited (31) 6200 Robots Destroyed (421) 2105 Value Destroyed (19038) 19038 Prototype IDs (66) 1320 Alien Tech Used (0) 0 Bonus (10225) 10225 TOTAL SCORE: 43388 Bonus ------- High Alert Combat Kills 3324 Follower Combat Kills 2742 Entered Garrisons 200 Aligned with FarCom 300 Met Data Miner 300 Acquired ECA 300 Met Warlord at Base 500 MAIN.C Attacked Warlord 500 Warlord Defense Kills 2034 Built Enhanced Grunts 300 A7 Reached Mainframe 300 Met R17 at Cetus 500 Met R17 at Research 2000 Friendly Fire -3075 Cogmind --------- Core Integrity 0/1600 Matter 84/300 Energy 98/100 System Corruption 13% Temperature Cool (0) Movement Core (50) Location -1/Access Parts ------- > --- POWER (3) -------- (None) > --- PROPULSION (6) --- (None) > --- UTILITY (13) ----- (None) > --- WEAPON (3) ------- (None) > --- INVENTORY (5) ---- Light Antimatter Reactor Improved Point Defense System Advanced Variable Charge Gun Improved Plasma Cutter Peak State ------------ > --- POWER ------------ Quantum Reactor Light Quantum Reactor Light Quantum Reactor > --- PROPULSION ------- Centrium Heavy Treads Centrium Heavy Treads Advanced Heavy Siege Treads > --- UTILITY ---------- Advanced Heat Sink Advanced Heat Sink Huge Storage Unit Improved Signal Interpreter Experimental Targeting Computer Experimental Core Analyzer Quantum Capacitor Advanced Transmission Jammer Medium Regenerative Plating Graphene Brace Experimental Focal Shield Experimental System Shield > --- WEAPON ----------- Disruptor Cannon Nova Cannon Tactical Quantum Warhead > --- INVENTORY -------- Quantum Reactor Vortex Chain Reactor Advanced Heavy Siege Treads Advanced Sensor Array Improved Weapon Cycler Experimental Phase Shifter Centrium Medium Armor Plating Thermal Barrier Advanced Force Field Improved Point Defense System Advanced Variable Charge Gun Enhanced Quantum Rifle Enhanced Quantum Rifle Matter Neutralizer Heavy Machine Gun Mini Smartbomb Launcher Improved Plasma Cutter [Rating: 201] Favorites ----------- Power Cooled Ion Engine Engine Cooled Ion Engine Power Core Neutrino Core Reactor Quantum Reactor Propulsion Light Treads Treads Light Treads Leg Aluminum Leg Flight Unit Nuclear Pulse Array Utility Advanced Targeting Computer Device Structural Scanner Storage Huge Storage Unit Processor Advanced Targeting Computer Hackware Advanced Hacking Suite Protection Medium Regenerative Plating Weapon Improved Spread Laser Energy Gun Improved Spread Laser Energy Cannon Heavy Plasma Cannon Ballistic Gun Light Assault Rifle Ballistic Cannon AWS/Autocannon Launcher Tactical Quantum Warhead Special Weapon RU-N14's Throwing Claymores Impact Weapon Hammer Slashing Weapon Longsword +1 Build | -11 -10 -10 -9 -9 -9 -8 -8 -8 -7 -7 -7 -7 -6 -6 -6 -6 -6 -5 -5 -5 -5 -5 -5 -4 -4 -4 -4 -3 -3 -2 -1 ------- Run | Yrd Mat Min Mat Min Exi Min Mat Gar Fac Low Low Zio Pro Fac Low Low Dat Pro Fac Ext Cet Arc Hub Fac Upp Upp War Pro Res Res Acc Slots Evolved 18 | . . . 2 . . . 2 . 2 . . . . 2 . . . . 2 . . . . 2 . . . . 2 2 2 Power 2 | . . . . . . . . . . . . . . . . . . . 1 . . . . . . . . . 1 . . Propulsion 4 | . . . 1 . . . . . 1 . . . . . . . . . . . . . . 1 . . . . . 1 . Utility 11 | . . . . . . . 2 . 1 . . . . 2 . . . . 1 . . . . 1 . . . . 1 1 2 Weapon 1 | . . . 1 . . . . . . . . . . . . . . . . . . . . . . . . . . . . Parts Attached 227 | 7 13 1 22 1 1 1 11 8 16 1 1 2 1 10 1 . . 1 9 18 11 2 2 11 4 8 13 6 6 17 22 Power 31 | 1 1 . 2 . . . 2 . 1 . . . . 1 1 . . . 3 3 1 1 . . 1 . 2 2 . 4 5 Engine 6 | 1 1 . 1 . . . 1 . 1 . . . . . 1 . . . . . . . . . . . . . . . . Core 11 | . . . 1 . . . 1 . . . . . . . . . . . 3 3 . . . . 1 . 1 1 . . . Reactor 14 | . . . . . . . . . . . . . . 1 . . . . . . 1 1 . . . . 1 1 . 4 5 Propulsion 50 | 2 2 . 9 . . 1 1 2 4 1 . . 1 2 . . . 1 1 5 3 . . 1 . 1 1 1 . 3 8 Treads 42 | . 2 . 8 . . 1 1 2 4 1 . . 1 2 . . . 1 1 5 3 . . 1 . 1 1 1 . 3 3 Leg 4 | 2 . . . . . . . . . . . . . . . . . . . . . . . . . . . . . . 2 Wheel . | . . . . . . . . . . . . . . . . . . . . . . . . . . . . . . . . Hover . | . . . . . . . . . . . . . . . . . . . . . . . . . . . . . . . . Flight 4 | . . . 1 . . . . . . . . . . . . . . . . . . . . . . . . . . . 3 Utility 88 | 2 4 1 3 1 . . 7 1 7 . 1 1 . 6 . . . . 4 5 5 1 2 6 2 6 9 2 2 6 4 Device 53 | 1 1 1 1 1 . . 1 . 3 . 1 1 . 4 . . . . 2 2 . 1 2 5 2 5 8 2 1 4 4 Storage 6 | 1 1 . 2 . . . . . 1 . . . . . . . . . . 1 . . . . . . . . . . . Processor 10 | . . . . . . . 2 . 2 . . . . 1 . . . . . 1 . . . 1 . . 1 . . 2 . Hackware 3 | . . . . . . . . . . . . . . . . . . . 1 . 1 . . . . . . . 1 . . Protection 16 | . 2 . . . . . 4 1 1 . . . . 1 . . . . 1 1 4 . . . . 1 . . . . . Artifact . | . . . . . . . . . . . . . . . . . . . . . . . . . . . . . . . . Weapon 58 | 2 6 . 8 . 1 . 1 5 4 . . 1 . 1 . . . . 1 5 2 . . 4 1 1 1 1 4 4 5 Energy Gun 25 | 1 . . 5 . . . . 3 2 . . . . . . . . . . 2 1 . . 2 1 1 1 . 4 . 2 Energy Cannon 9 | . . . . . . . . . 1 . . . . . . . . . . 3 . . . 1 . . . . . 2 2 Ballistic Gun 12 | 1 5 . 2 . . . . 1 1 . . . . . . . . . . . . . . . . . . . . 1 1 Ballistic Cannon 2 | . . . . . 1 . . . . . . . . . . . . . . . . . . . . . . 1 . . . Launcher 6 | . . . 1 . . . . 1 . . . . . 1 . . . . 1 . . . . 1 . . . . . 1 . Special Weapon 1 | . . . . . . . . . . . . 1 . . . . . . . . . . . . . . . . . . . Impact Weapon 1 | . 1 . . . . . . . . . . . . . . . . . . . . . . . . . . . . . . Slashing Weapon 2 | . . . . . . . 1 . . . . . . . . . . . . . 1 . . . . . . . . . . Piercing Weapon . | . . . . . . . . . . . . . . . . . . . . . . . . . . . . . . . . Special Melee Weapon . | . . . . . . . . . . . . . . . . . . . . . . . . . . . . . . . . Unidentified Prototypes 32 | . . 1 5 . . . . . 5 . . 1 . 1 . . . . 2 . 4 . . 2 . . 5 . 1 4 1 Corrupted Parts 6 | . . . . . . . . 1 . . . . . . . . . . . . . . . . 1 . . 3 . 1 . System Corruption 45 | . . . . . . . . 10 . . . . . . . . . . . . . . . . 10 . . 24 . 1 . Parts Lost 57 | . 4 . 1 . . 1 2 3 1 . . . . 1 . . . 1 1 3 1 . . . 1 3 3 . 3 4 24 Power 13 | . 1 . 1 . . . 1 . . . . . . . . . . . . . . . . . 1 . 1 . . 1 7 Propulsion 20 | . 1 . . . . 1 1 2 . . . . . . . . . 1 1 2 . . . . . 1 . . 1 1 8 Utility 14 | . 2 . . . . . . 1 . . . . . 1 . . . . . . 1 . . . . 1 1 . 1 1 5 Weapon 10 | . . . . . . . . . 1 . . . . . . . . . . 1 . . . . . 1 1 . 1 1 4 Highest Loss Streak 8 | . 2 . 1 . . 1 2 1 1 . . . . 1 . . . 1 1 1 1 . . . 1 2 3 . 1 1 8 To Critical Strikes 2 | . . . . . . . . . . . . . . . . . . . 1 . . . . . . 1 . . . . . Average Backups 19 | 3 10 11 16 20 20 19 19 17 21 25 23 24 25 22 19 19 18 18 18 18 22 22 23 21 21 20 21 20 21 21 15 Power 1 | . . 1 1 1 1 1 . 1 1 3 3 3 3 2 1 . . . . 1 2 3 3 3 2 3 3 3 2 2 1 Propulsion 3 | 1 1 1 3 5 5 4 5 4 4 5 5 5 5 5 6 6 6 5 4 4 4 4 4 3 3 2 2 2 1 1 . Utility 8 | . 4 5 7 8 8 8 7 6 8 10 9 9 9 6 7 7 7 7 5 6 7 8 9 9 10 9 11 11 12 11 6 Weapon 5 | . 2 4 4 5 5 5 5 5 7 6 5 6 7 6 4 4 4 4 5 4 4 6 6 4 4 4 3 3 4 5 4 Tool/Special . | . . . . . . . . . . . . . . . . . . . . . . . . . . . . . . . . Unused Backups 51 | . 2 1 7 1 1 . 3 . 5 . . 2 . 7 1 3 . . 1 1 3 . 1 3 . . 1 . . 4 4 Power 11 | . . . 1 . . . 1 . 1 . . . . 3 . 1 . . . . 1 . . . . . 1 . . . 2 Propulsion 4 | . . . 2 . . . . . . . . . . . . . . . . . 1 . . 1 . . . . . . . Utility 20 | . 1 1 1 1 . . 1 . 4 . . 1 . 1 . 2 . . 1 . 1 . 1 . . . . . . 3 1 Weapon 14 | . 1 . 3 . 1 . . . . . . 1 . 3 1 . . . . 1 . . . 2 . . . . . 1 . Tool/Special 2 | . . . . . . . 1 . . . . . . . . . . . . . . . . . . . . . . . 1 Average Slot Usage (%) 91 | . 99 99 99 100 81 77 80 80 88 100 100 100 100 99 99 100 100 99 97 99 85 87 88 88 89 88 88 88 89 84 75 Engine 5 | . 13 14 6 11 11 11 5 9 7 7 7 7 7 . 5 6 6 6 3 . . . . . . . . . . . . Core 2 | . . . 4 . . . 3 . . . . . . . . . . . 4 11 9 1 . . 5 10 9 5 4 1 . Reactor 2 | . . . . . . . . . . . . . . 5 . . . . . . 1 8 11 10 4 . . 4 9 11 10 Treads 23 | . 15 28 32 33 33 33 27 27 29 30 30 30 30 26 26 26 26 25 23 22 12 11 11 14 15 15 15 15 14 15 10 Device 12 | . 7 13 11 11 11 11 9 9 13 14 13 13 14 13 12 13 13 13 11 5 5 10 11 14 15 14 14 15 17 19 23 Storage 7 | . 14 14 11 11 11 11 9 9 7 7 7 7 7 6 6 6 6 6 5 5 5 5 5 5 5 5 5 5 4 4 3 Processor 12 | . . . . . . . 9 9 14 15 15 15 15 20 20 20 20 20 17 23 23 17 17 15 15 15 15 15 14 11 11 Hackware 1 | . . . . . . . . . . . . . . . . . . . 4 5 5 5 5 5 5 5 5 5 5 4 3 Protection 3 | . 6 . . . . . 8 9 1 . 1 . . 5 6 6 6 6 4 4 4 5 5 5 5 5 5 5 4 4 3 Energy Gun 10 | . 1 . 20 22 3 . . . 5 23 23 22 23 20 20 20 20 20 17 9 3 5 5 7 9 9 9 9 10 4 1 Energy Cannon 1 | . . . . . . . . . 1 . . . . . . . . . . 6 8 11 11 7 5 4 4 4 2 4 4 Ballistic Gun 2 | . 26 28 12 11 1 . . . . . . . . . . . . . . . . . . . . . . . . . 2 Ballistic Cannon 1 | . . . . . 9 11 8 8 4 . . . . . . . . . . . . . . . . . . . . . . Peak Build Rating 201 | 7 8 16 24 24 46 47 54 53 72 54 48 49 50 61 59 57 56 60 76 84 118 116 117 131 137 131 127 131 162 182 201 Average Rating 72 | 5 7 8 19 23 41 46 52 51 61 52 45 47 47 56 56 55 56 56 66 77 104 113 114 125 128 117 116 122 143 162 172 On Entrance 69 | . 7 8 9 24 23 46 47 53 53 54 52 45 49 47 58 56 56 56 54 72 84 114 116 115 131 126 112 120 120 150 161 Naked Turns 20 | . . . . . . . . . . . . . . . . . . . . . . . . . . . . . . . 20 Heaviest Build 188 | 14 30 26 58 59 110 110 117 117 156 104 111 111 111 113 68 67 67 68 81 96 141 146 146 153 153 136 140 137 163 188 178 Greatest Support 240 | 20 40 40 66 66 66 69 69 66 93 90 82 82 82 90 90 90 90 90 91 118 160 160 160 180 180 180 177 177 187 222 240 Greatest Overweight (x) 4 | 2 1 . . . 1 1 1 1 1 1 1 1 1 1 . . . . . 1 1 . . . . . . . . 1 4 Average Overweight (x) . | . . . . . . 1 . . . 1 1 1 1 . . . . . . . . . . . . . . . . . . Largest Inventory Capacity 25 | 8 15 15 20 20 20 20 20 20 25 25 25 25 25 25 20 20 20 20 20 20 25 25 25 25 25 25 25 25 25 25 25 Average Capacity 21 | 7 14 15 17 20 20 20 19 20 22 25 25 25 25 23 20 20 20 20 20 20 24 25 25 25 25 25 25 25 25 25 24 Most Carried 25 | 4 13 13 20 20 20 20 20 20 25 25 25 25 25 25 20 20 19 20 20 20 25 25 25 25 25 25 25 25 25 25 23 Average Carried 20 | 3 10 11 16 19 19 19 19 17 21 25 23 24 25 22 19 19 19 19 19 19 24 24 25 24 24 22 24 23 24 23 16 Final Capacity 25 | 8 15 15 20 20 20 20 20 20 25 25 25 25 25 20 20 20 20 20 20 20 25 25 25 25 25 25 25 25 25 25 5 Final Carried 25 | 4 11 12 20 20 20 19 20 17 25 25 23 25 25 20 20 19 19 19 20 20 25 25 25 25 25 22 23 24 25 23 4 Class Distribution -------------------- 41% | Skirmisher 18% | Gunner 14% | Scavenger-Skirmisher 6% | Mutant 6% | Scavenger-Gunner 3% | Scavenger-Tank 3% | Scavenger-Mutant 3% | Commander-Gunner Dominant Class ---------------- Mutant | -10/Materials Mutant | -10/Mines Gunner | -9/Materials Gunner | -9/Mines Gunner | -9/Exiles Skirmisher | -8/Mines Skirmisher | -8/Materials Skirmisher | -8/Garrison Skirmisher | -7/Factory Skirmisher | -7/Lower Caves Skirmisher | -7/Lower Caves Skirmisher | -7/Zion Skirmisher | -6/Proximity Caves Skirmisher | -6/Factory Skirmisher | -6/Lower Caves Skirmisher | -6/Lower Caves Skirmisher | -6/Data Miner Skirmisher | -5/Proximity Caves Gunner | -5/Factory Commander-Gunner | -5/Extension Commander-Tank | -5/Cetus Commander-Gunner | -5/Archives Scavenger-Gunner | -5/Hub_04(d) Scavenger-Skirmisher | -4/Factory Scavenger-Skirmisher | -4/Upper Caves Scavenger-Tank | -4/Upper Caves Scavenger-Gunner | -4/Warlord Scavenger-Skirmisher | -3/Proximity Caves Scavenger-Skirmisher | -3/Research Scavenger-Skirmisher | -2/Research Scavenger-Mutant | -1/Access Resources | -11 -10 -10 -9 -9 -9 -8 -8 -8 -7 -7 -7 -7 -6 -6 -6 -6 -6 -5 -5 -5 -5 -5 -5 -4 -4 -4 -4 -3 -3 -2 -1 ----------- Run | Yrd Mat Min Mat Min Exi Min Mat Gar Fac Low Low Zio Pro Fac Low Low Dat Pro Fac Ext Cet Arc Hub Fac Upp Upp War Pro Res Res Acc Matter Collected 9402 | 258 310 . 516 140 . 15 180 313 931 155 108 61 130 469 150 . . 105 266 292 200 46 101 270 263 398 579 303 592 1230 1021 Remotely . | . . . . . . . . . . . . . . . . . . . . . . . . . . . . . . . . Salvage Created 16658 | 118 674 . 1367 367 . 47 609 545 1048 121 128 . 46 652 96 . . 170 451 1188 283 110 498 352 412 943 672 280 715 2154 2612 Parts 755 | 7 40 . 80 38 . 16 45 35 51 5 3 . 3 18 2 2 . 8 23 50 11 3 14 18 14 25 26 14 12 73 119 Haulers Intercepted 12 | . 1 . 6 . . . . . 2 . . . . 1 . . . . . . . . . . . . . . 1 1 . Recyclers Shooed 16 | . 3 . 5 . . . 1 . 1 . . . . . . . . . 3 2 . . . . . . . . . . 1 Parts Field Recycled . | . . . . . . . . . . . . . . . . . . . . . . . . . . . . . . . . Retrieved Matter . | . . . . . . . . . . . . . . . . . . . . . . . . . . . . . . . . Parts Self-Destructed 69 | . . . . . . . . . . 9 3 . 14 . . . . 7 . . . . . . 10 22 . 4 . . . Prevented 13 | . . . . . . . . . . . . . . . 5 . . . . . . . . . . . . 8 . . . Kills | -11 -10 -10 -9 -9 -9 -8 -8 -8 -7 -7 -7 -7 -6 -6 -6 -6 -6 -5 -5 -5 -5 -5 -5 -4 -4 -4 -4 -3 -3 -2 -1 ------- Run | Yrd Mat Min Mat Min Exi Min Mat Gar Fac Low Low Zio Pro Fac Low Low Dat Pro Fac Ext Cet Arc Hub Fac Upp Upp War Pro Res Res Acc Combat Hostiles Destroyed 348 | . 17 . 25 21 . 7 24 24 23 3 3 . 1 11 2 1 . 6 5 14 2 1 5 8 10 15 18 7 10 43 42 Guns 126 | . 17 . 25 21 . . . . 7 3 3 . 1 8 2 1 . 5 5 3 . . . 6 . 7 1 1 2 . 8 Cannons 127 | . . . . . . 7 23 24 16 . . . . . . . . . . 7 1 1 5 1 4 2 1 . 2 13 20 AOE 62 | . . . . . . . . . . . . . . 1 . . . . . . . . . . 5 3 16 4 5 16 12 Classes Destroyed 24 | 2 5 . 3 1 . . 3 1 . . . . . 1 . 1 . 1 . 1 . . . . . . 2 . 2 1 . Worker 5 | . . . . . . . . . . . . . . 1 . . . . . . . . . . . . . . . . 4 Builder 12 | . 1 . 1 1 . . . . . . . . . . . . . . 3 1 . . . . . . . . . . 5 Tunneler 1 | 1 . . . . . . . . . . . . . . . . . . . . . . . . . . . . . . . Hauler 12 | . 1 . 6 . . . . . 2 . . . . 1 . . . . . . . . . . . . . . 1 1 . Recycler 11 | 1 . . 4 . . . . . 1 . . . . . . . . . 1 1 . . 1 . . . . . . . 2 Operator 10 | . . . 2 . . . 2 . . . . . . . . . . . . 1 . 1 1 1 . . . . . 2 . Drone 2 | . . . . . . . . . . . . . . . . . . 2 . . . . . . . . . . . . . Watcher 16 | . 3 . 3 . . . 2 . 3 . . . . . . . . . 1 1 . . 2 . . . . . . . 1 Swarmer 106 | . 6 . 6 14 . 7 6 9 3 1 . . . . . . . 2 1 1 . . . 5 5 3 6 5 . 13 13 Grunt 122 | . 11 . 10 6 . . 9 12 8 1 3 . 1 8 2 . . . . 3 . . 3 . 4 5 7 . 6 14 9 Brawler 5 | . . . 1 . . . . . 1 . . . . . . . . . . . . . . . . 1 . . 1 . 1 Duelist 6 | . . . . 1 . . . . . . . . . . . . . . . 1 . . . . . 2 . . . . 2 Protector 1 | . . . . . . . . . . . . . . . . . . . . . . . . . . . 1 . . . . Sentry 39 | . . . 8 . . . 5 2 5 1 . . . 1 . . . 1 . 5 . 1 1 1 1 2 . . 1 2 2 Demolisher 4 | . . . . . . . . . . . . . . . . . . . . . . . . . . . 1 . . 3 . Specialist 3 | . . . . . . . 2 . . . . . . . . . . . . . . . . . . . 1 . . . . Hunter 17 | . . . . . . . 1 . . . . . . . . . . . 2 2 . . . . . . . 2 1 3 6 Programmer 27 | . . . . . . . . 1 6 . . . . 2 . . . 1 2 1 . . . 2 . 2 2 . . . 8 Heavy 2 | . . . . . . . 1 . . . . . . . . . . . . . . . 1 . . . . . . . . Behemoth 2 | . . . . . . . . . . . . . . . . . . . . 1 . . . . . . . . . . 1 Cetus Guard 2 | . . . . . . . . . . . . . . . . . . . . . 2 . . . . . . . . . . Striker 4 | . . . . . . . . . . . . . . . . . . . . . . . . . . . . . 1 3 . Executioner 5 | . . . . . . . . . . . . . . . . . . . . . . . . . . . . . . 5 . Master Thief 1 | . . . . . . . . . . . . . . . . 1 . . . . . . . . . . . . . . . Thug 1 | . . . . . . . . . . . . . . . . . . . . . . . . . . . . . . 1 . Savage 2 | . . . . . . . . . . . . . . . . . . . . . 1 . . . . 1 . . . . . Butcher 1 | . . . . . . . . . . . . . . 1 . . . . . . . . . . . . . . . . . Revision 1 | . . . . . . . . . . . . . . . . . . . . . . . . . . . . . 1 . . Best Kill Streak 14 | 2 6 . 8 6 . 4 4 5 4 3 2 . 1 3 1 1 . 3 2 3 2 1 3 7 5 9 5 5 5 8 14 Combat Bots Only 9 | . 6 . 5 6 . 4 3 5 3 3 2 . 1 3 1 1 . 3 2 2 2 1 3 7 5 9 5 5 5 8 9 Max Kills in Single Turn 5 | 1 2 . 2 2 . 1 1 1 1 1 1 . 1 2 1 1 . 1 1 1 1 1 1 1 3 2 3 4 3 4 5 Gunslinging 1 | . . . 1 1 . . . . . . . . . . . . . . . . . . . . . . . . . . . Exploded 5 | . . . . . . . . . . . . . . 1 . . . . . . . . . . 3 2 3 4 2 4 5 Melee . | . . . . . . . . . . . . . . . . . . . . . . . . . . . . . . . . Uniques/NPCs Destroyed 1 | . . . . . . . . . . . . . . . . . . . . . 1 . . . . . . . . . . A7 (-5/Cetus) Combat | -11 -10 -10 -9 -9 -9 -8 -8 -8 -7 -7 -7 -7 -6 -6 -6 -6 -6 -5 -5 -5 -5 -5 -5 -4 -4 -4 -4 -3 -3 -2 -1 -------- Run | Yrd Mat Min Mat Min Exi Min Mat Gar Fac Low Low Zio Pro Fac Low Low Dat Pro Fac Ext Cet Arc Hub Fac Upp Upp War Pro Res Res Acc Hostile Shots Fired 1828 | . 89 . 53 56 . 16 80 53 98 37 7 . 6 52 4 9 . 26 35 56 18 6 17 54 27 104 63 35 21 270 536 Missed 530 | . 18 . 12 14 . 2 27 19 37 16 2 . 1 19 2 1 . 10 7 15 6 4 5 12 5 21 18 17 9 89 142 Hits 1298 | . 71 . 41 42 . 14 53 34 61 21 5 . 5 33 2 8 . 16 28 41 12 2 12 42 22 83 45 18 12 181 394 Melee 35 | . . . 2 2 . . . . . . 2 . . . 2 8 . . . . . . . . . 9 . . . 3 7 Projectile 1263 | . 71 . 39 40 . 14 53 34 61 21 3 . 5 33 . . . 16 28 41 12 2 12 42 22 74 45 18 12 178 387 AOE 7 | . . . . . . . . . . . . . . . . . . . . . . . . . . . 2 . 1 4 . Critical Strikes 52 | . 1 . 2 1 . . 3 . 1 . . . . 1 . . . 1 2 . 1 . 1 2 1 4 2 . 1 7 21 Actively Blocked 16 | . . . . . . . . . . . . . . . . . . . . . . . . . . . . . . 3 13 Part Disruptions 5 | . . . . . . . . . 1 . . . . . . . . . 1 . . . . 1 . . . . . . 2 Damage Taken 22840 | . 856 . 570 457 . 121 1014 503 907 215 52 . 131 429 . 37 . 296 480 809 327 47 373 759 429 1697 1225 405 323 2848 7530 Core 2783 | . 145 . 137 39 . 7 61 40 25 22 . . . 6 . 10 . 16 . 13 27 . 23 8 16 88 253 21 40 171 1615 Absorbed by Shields 1351 | . . . . . . . . . . . . . . . . . . . . 36 34 . . 110 . . . . . 1051 120 Reduced by Siege Mode 763 | . . . . . . . . . . . . . . . . . . . . . . . . 83 21 172 . 17 . 141 329 Ignored by Resistances 2413 | . . . . . . . . . . . . . . . . . . . . . . . . . . . . . . 1263 1150 Regen/Repaired (Parts) 2474 | . 151 . 69 . . . . . . . . . . . . . . . . . 13 . 68 149 137 25 688 187 85 490 412 Core Remaining (%) 80 | 100 . 42 . . . 54 . 81 . . . . 93 . . . . 96 . . . . 93 . . . . 66 96 88 . Volleys Fired 925 | 4 82 . 66 35 . . . 8 31 6 6 . 7 42 6 7 . 14 29 49 18 14 21 25 15 30 27 16 29 150 188 Largest 3 | 2 2 . 3 3 . . . 1 3 3 3 . 3 3 3 3 . 3 3 3 3 3 3 3 3 3 3 2 3 3 3 Hottest 268 | 60 60 . 153 155 . . . 65 168 158 158 . 158 158 158 158 . 158 158 195 240 195 195 268 268 253 245 155 263 263 235 Shots Fired 1907 | 8 164 . 196 101 . 8 67 53 104 14 19 . 11 93 14 21 . 37 65 116 45 43 60 55 32 77 36 21 55 166 226 Gun 1118 | 8 164 . 195 101 . . . 7 51 12 19 . 11 92 14 21 . 37 65 65 10 15 19 33 11 49 10 10 32 24 43 Cannon 732 | . . . . . . 8 67 45 53 2 . . . . . . . . . 51 35 28 40 22 17 24 10 9 19 134 168 Launcher 57 | . . . 1 . . . . 1 . . . . . 1 . . . . . . . . 1 . 4 4 16 2 4 8 15 Special . | . . . . . . . . . . . . . . . . . . . . . . . . . . . . . . . . Kinetic 421 | 4 156 . 69 31 . 8 67 47 39 . . . . . . . . . . . . . . . . . . . . . . Thermal 1325 | 4 8 . 126 70 . . . 5 65 14 19 . 11 92 14 21 . 37 65 108 45 43 59 55 28 73 20 12 47 89 195 Explosive 57 | . . . 1 . . . . 1 . . . . . 1 . . . . . . . . 1 . 4 4 16 2 4 8 15 Electromagnetic 104 | . . . . . . . . . . . . . . . . . . . . 8 . . . . . . . 7 4 69 16 Robot Hit Streak 41 | 3 15 . 19 8 . 8 24 31 17 9 16 . 4 15 3 7 . 19 20 41 11 12 15 8 9 41 22 9 6 24 31 Robot Miss Streak 9 | 1 3 . 9 7 . . 2 2 4 2 2 . 1 4 4 5 . 2 3 4 2 3 2 2 1 1 1 2 2 6 3 Penetration Max . | . . . . . . . . . . . . . . . . . . . . . . . . . . . . . . . . Secondary Targets 13 | . 2 . 2 7 . . . . . . . . . 2 . . . . . . . . . . . . . . . . . Max Gunslinging Chain 1 | . 1 . 1 1 . . . . . . . . . 1 . . . . . . . . . . . . . . . . . Capacitor 266 | . . . . . . . . . . . . . . . . . . . . . . . . . . . . . . 131 135 Autonomous 157 | . . . . . . 8 67 45 37 . . . . . . . . . . . . . . . . . . . . . . Shots Hit Robots 1340 | 6 112 . 144 75 . 8 62 42 71 8 13 . 6 66 7 16 . 23 39 82 39 27 45 29 19 58 18 12 32 119 162 Core Hits 939 | 3 49 2 156 65 . 5 23 19 41 8 12 . 2 56 4 8 . 13 37 48 17 14 21 13 18 40 56 11 27 61 110 Critical Kills 10 | . 2 . . . . . . . . . . . . . . . . . . 1 1 . 1 . . 1 . . . 2 2 Critical Parts Destroyed 2 | . 2 . . . . . . . . . . . . . . . . . . . . . . . . . . . . . . Critical Strikes 63 | . 4 . . . . . 5 4 3 . 1 . . 5 1 . . 1 3 5 3 4 4 4 2 5 . . 2 5 2 Burn 37 | . . . . . . . . . . . 1 . . 5 1 . . 1 3 4 2 4 3 4 2 4 . . 2 1 . Meltdown 8 | . . . . . . . . . . . . . . . . . . . . 1 1 . 1 . . 1 . . . 2 2 Destroy 4 | . 4 . . . . . . . . . . . . . . . . . . . . . . . . . . . . . . Blast 12 | . . . . . . . 5 4 3 . . . . . . . . . . . . . . . . . . . . . . Corrupt 2 | . . . . . . . . . . . . . . . . . . . . . . . . . . . . . . 2 . Melee Attacks 24 | . 1 . . . . . 3 5 9 . . . . . . . . . . . 6 . . . . . . . . . . Impact 1 | . 1 . . . . . . . . . . . . . . . . . . . . . . . . . . . . . . Slashing 23 | . . . . . . . 3 5 9 . . . . . . . . . . . 6 . . . . . . . . . . Piercing . | . . . . . . . . . . . . . . . . . . . . . . . . . . . . . . . . Sneak Attacks 6 | . . . . . . . . . . . . . . . . . . . . . 6 . . . . . . . . . . Combat Hostiles . | . . . . . . . . . . . . . . . . . . . . . . . . . . . . . . . . Follow-up Attacks . | . . . . . . . . . . . . . . . . . . . . . . . . . . . . . . . . Damage Inflicted 50946 | 64 990 10 2092 858 . 679 4942 3539 3439 151 264 . 114 1400 103 330 . 520 811 1983 1012 699 1108 614 1036 2243 3602 634 1697 7186 8826 Guns 13972 | 64 948 . 2089 824 . . . . 701 151 264 . 114 1400 103 330 . 520 811 1003 156 198 246 356 242 1114 166 145 549 499 979 Cannons 24960 | . . . . . . 674 4927 3539 2717 . . . . . . . . . . 980 815 501 862 258 356 418 78 201 254 3505 4875 Explosions 11686 | . . . . . . . . . . . . . . . . . . . . . . . . . 438 711 3358 288 894 3182 2815 Melee 41 | . . . . . . . . . . . . . . . . . . . . . 41 . . . . . . . . . . Ramming 287 | . 42 10 3 34 . 5 15 . 21 . . . . . . . . . . . . . . . . . . . . . 157 Kinetic 13381 | 21 882 . 467 217 . 674 4927 3539 2654 . . . . . . . . . . . . . . . . . . . . . . Thermal 23614 | 43 66 . 1622 607 . . . . 764 151 264 . 114 1400 103 330 . 520 811 1820 971 699 1108 614 598 1532 244 145 710 2746 5632 Explosive 11234 | . . . . . . . . . . . . . . . . . . . . . . . . . 438 711 3358 288 894 2730 2815 Electromagnetic 2389 | . . . . . . . . . . . . . . . . . . . . 163 . . . . . . . 201 93 1710 222 Impact . | . . . . . . . . . . . . . . . . . . . . . . . . . . . . . . . . Slashing 41 | . . . . . . . . . . . . . . . . . . . . . 41 . . . . . . . . . . Piercing . | . . . . . . . . . . . . . . . . . . . . . . . . . . . . . . . . Highest Corruption 26 | . . . . . . . . 10 3 3 3 3 . . . . . 2 3 3 3 3 3 6 16 16 16 26 1 1 13 Average Corruption 5 | . . . . . . . . 10 2 3 3 3 . . . . . 1 2 3 3 3 3 5 15 16 9 2 1 1 5 Corruption Purged . | . . . . . . . . . . . . . . . . . . . . . . . . . . . . . . . . Corruption Blocked . | . . . . . . . . . . . . . . . . . . . . . . . . . . . . . . . . Effects 282 | . . . . . . . . 30 43 10 13 1 . . . . . . 11 25 15 2 7 7 34 48 3 5 3 2 23 Message Errors 70 | . . . . . . . . 9 10 2 6 . . . . . . . 4 8 6 . . 5 4 7 1 . 3 1 4 Matter Fused 74 | . . . . . . . . 11 13 4 5 . . . . . . . 5 5 . 1 2 . 7 8 2 3 . . 8 Heat Flow Errors 27 | . . . . . . . . 4 2 . 1 1 . . . . . . . 3 1 . 1 . 5 7 . 1 . . 1 Energy Discharges 32 | . . . . . . . . 2 6 1 . . . . . . . . . 2 2 . 1 . 4 11 . 1 . 1 1 Parts Fused 4 | . . . . . . . . . . 1 . . . . . . . . . . . . . . 1 1 . . . . 1 Data Loss (minor) 30 | . . . . . . . . 1 6 1 . . . . . . . . 2 2 3 . 2 1 4 6 . . . . 2 Data Loss (major) 15 | . . . . . . . . 2 4 1 . . . . . . . . . 1 2 . . 1 3 1 . . . . . Misfires 9 | . . . . . . . . . . . 1 . . . . . . . . 1 1 1 . . 3 2 . . . . . Alerts 8 | . . . . . . . . 1 1 . . . . . . . . . . 2 . . . . 1 1 . . . . 2 Misdirections 4 | . . . . . . . . . . . . . . . . . . . . . . . . . . . . . . . 4 Weapon Failures 9 | . . . . . . . . . 1 . . . . . . . . . . 1 . . 1 . 2 4 . . . . . Overload Shots 31 | . . . . . . . . . . . . . 4 12 2 . . 1 11 . 1 . . . . . . . . . . Effects 1 | . . . . . . . . . . . . . . . . . . . 1 . . . . . . . . . . . . Short Circuit 1 | . . . . . . . . . . . . . . . . . . . 1 . . . . . . . . . . . . Overflow Damage 2282 | . . . . . . 134 527 482 504 . . . . . . . . . . 13 . 3 12 . 11 . 72 16 37 142 329 Projectiles 1906 | . . . . . . 134 527 482 504 . . . . . . . . . . 13 . 3 12 . . . 3 . 17 76 135 Explosions 353 | . . . . . . . . . . . . . . . . . . . . . . . . . 11 . 69 16 20 66 171 Melee 23 | . . . . . . . . . . . . . . . . . . . . . . . . . . . . . . . 23 Knockbacks 36 | . . . . 1 . 3 20 5 5 . . . . . . . . . . . . . . . . . . . . . 2 Impact 3 | . . . . 1 . . . . . . . . . . . . . . . . . . . . . . . . . . 2 Kinetic 26 | . . . . . . 2 16 4 4 . . . . . . . . . . . . . . . . . . . . . . Secondary 7 | . . . . . . 1 4 1 1 . . . . . . . . . . . . . . . . . . . . . . Self-Inflicted Damage 21 | . . . 21 . . . . . . . . . . . . . . . . . . . . . . . . . . . . Shots 1 | . . . 1 . . . . . . . . . . . . . . . . . . . . . . . . . . . . Rammed 34 | . 5 5 3 3 . 1 4 . 4 . . . . . . . . . . . . . . . . . . . . . 9 Targets Rammed 36 | . 7 5 3 3 . 1 4 . 4 . . . . . . . . . . . . . . . . . . . . . 9 Kicked 2 | . 2 . . . . . . . . . . . . . . . . . . . . . . . . . . . . . . Crushed . | . . . . . . . . . . . . . . . . . . . . . . . . . . . . . . . . Highest Temperature 554 | . 72 . 205 324 . . . 225 231 84 171 119 33 144 120 . . 137 357 296 261 181 198 554 272 367 24 213 545 423 485 Average Temperature 96 | . 20 . 54 101 . . . 82 46 47 38 67 11 48 46 . . 46 80 65 105 80 103 137 99 135 14 70 134 125 161 Received Heat Transfer 3456 | . 456 . 141 72 . . 153 144 150 45 27 . 54 186 . . . 9 . 107 27 . 102 9 99 240 39 . 76 387 933 Effects 30 | . . . . . . . . . 2 . . . . . . . . . . . . . . 5 . . . . 5 3 15 Shutdowns 13 | . . . . . . . . . . . . . . . . . . . . . . . . 2 . . . . 3 1 7 Energy Bleed 3 | . . . . . . . . . . . . . . . . . . . . . . . . 1 . . . . . . 2 Interference 6 | . . . . . . . . . 2 . . . . . . . . . . . . . . . . . . . . 1 3 Matter Decay 2 | . . . . . . . . . . . . . . . . . . . . . . . . . . . . . . 1 1 Short Circuit 2 | . . . . . . . . . . . . . . . . . . . . . . . . 2 . . . . . . . Damage (major) 4 | . . . . . . . . . . . . . . . . . . . . . . . . . . . . . 2 . 2 Siege Activations 25 | . . . . . . . . . . . . . . . . . . . . . . 1 . 2 1 3 . 1 1 8 8 Total Turns 380 | . . . . . . . . . . . . . . . . . . . . . . 7 . 48 9 74 . 8 2 114 118 Longest Duration 60 | . . . . . . . . . . . . . . . . . . . . . . 7 . 41 9 60 . 8 2 36 41 Martial Activations . | . . . . . . . . . . . . . . . . . . . . . . . . . . . . . . . . Shielding Activations . | . . . . . . . . . . . . . . . . . . . . . . . . . . . . . . . . Robots Disrupted 1 | . . . . . . . . . . . . . . . . . . . . . . . . . . . . . . 1 . Combat Hostiles 1 | . . . . . . . . . . . . . . . . . . . . . . . . . . . . . . 1 . Robots Corrupted 14 | . . . . . . . 1 . 1 . . . . . . . . . . 1 . . . . . . . 2 . 9 . Combat Hostiles 13 | . . . . . . . 1 . . . . . . . . . . . . 1 . . . . . . . 2 . 9 . Parts Fried 21 | . . . . . . . . . 1 . . . . . 1 . . . . 2 . . . . . . . 1 . 15 1 Impact Corruptions 3 | . . . . . . . 1 . 1 . . . . . . . . . . . . . . . . . . . . . 1 Robots Melted 23 | . . . . . . . . . . . . . . 2 . . . 1 . 3 2 . 1 1 1 4 . . 2 4 2 Combat Hostiles 19 | . . . . . . . . . . . . . . 2 . . . 1 . 3 1 . . 1 1 3 . . 1 4 2 Parts Melted 106 | . 1 . . . . . . . 2 . 1 . . 3 . 1 . 2 2 15 4 4 8 4 4 16 4 . 6 12 17 Heat Transferred 37323 | 100 150 . 2015 760 . . . . 1189 230 497 . 210 2645 274 522 . 865 1505 3951 1956 1833 2224 1587 1200 3375 467 261 1344 2918 5245 Parts Sabotaged 3 | . . . . . . . . . . . . . . . . . . . . . . . . . . . . . . . 3 Parts Stolen 8 | . . . . . . . . . . . 2 . . . 2 4 . . . . . . . . . . . . . . . Parts Stripped . | . . . . . . . . . . . . . . . . . . . . . . . . . . . . . . . . Power Chain Reactions 2 | . . . 1 . . . . . . . . . . . . . . . . . . . . . . . . . . 1 . Alert | -11 -10 -10 -9 -9 -9 -8 -8 -8 -7 -7 -7 -7 -6 -6 -6 -6 -6 -5 -5 -5 -5 -5 -5 -4 -4 -4 -4 -3 -3 -2 -1 ------- Run | Yrd Mat Min Mat Min Exi Min Mat Gar Fac Low Low Zio Pro Fac Low Low Dat Pro Fac Ext Cet Arc Hub Fac Upp Upp War Pro Res Res Acc Maximum Alert Level 5 | . . . 1 1 . . 1 3 2 . . . . 1 . . . . . 2 1 . 4 2 . . . . . 4 5 Low Security (%) 55 | 100 100 100 92 90 . 100 56 . 9 . . . . 77 . . . . 100 56 18 100 29 . . . . . 100 63 . Level 1 25 | . . . 7 9 . . 43 17 83 . . . . 22 . . . . . 28 81 . 3 . . . . . . 3 . Level 2 7 | . . . . . . . . 30 6 . . . . . . . . . . 15 . . 19 100 . . . . . 4 . Level 3 6 | . . . . . . . . 52 . . . . . . . . . . . . . . 16 . . . . . . 6 56 Level 4 3 | . . . . . . . . . . . . . . . . . . . . . . . 31 . . . . . . 21 32 Level 5 . | . . . . . . . . . . . . . . . . . . . . . . . . . . . . . . . 11 High Security . | . . . . . . . . . . . . . . . . . . . . . . . . . . . . . . . . Max Security . | . . . . . . . . . . . . . . . . . . . . . . . . . . . . . . . . Peak Influence 1693 | 5 181 11 232 236 . 90 269 948 497 . . . . 308 . . . . 164 441 337 189 1263 631 . . . . 118 1502 1693 Initial 891 | . . 11 . 5 . . 5 159 497 . . . . . . . . . 164 3 191 84 38 613 . . . . 12 49 891 Average 266 | . 54 . 99 110 . 19 165 653 275 . . . . 134 . . . . 49 185 243 140 654 567 . . . . 14 380 1196 Influence Increases 14583 | 10 522 . 904 525 . 160 774 819 694 60 115 . 277 924 70 . . 100 391 1053 361 197 1615 256 220 382 442 160 270 1782 1500 Destroy 0b10 Robot/C 8060 | . 340 . 500 420 . 140 480 480 460 60 60 . 120 420 40 . . 80 100 500 160 80 520 160 200 340 360 140 200 860 840 Destroy 0b10 Robot/NC 370 | 10 25 . 80 5 . . 20 . 30 . . . . 15 . . . 10 25 25 10 5 20 5 . . 5 . 5 15 60 Destroy Leader 1428 | . 88 . 168 70 . 20 134 20 150 . 10 . 20 92 . . . 10 32 74 . . 104 30 20 20 . 20 32 152 162 Allied During Kill 1551 | . . . . . . . . . . . . . 137 215 . . . . . 386 170 85 526 . . 22 2 . . 8 . Successful Hack 366 | . 23 . 19 . . . 27 30 31 . . . . 127 . . . . 4 41 . . 31 33 . . . . . . . Disable Machine 480 | . 15 . 45 . . . 30 30 . . . . . 30 . . . . 15 15 15 15 150 . . . . . 15 75 30 Anti-Garrison Action 350 | . . . . . . . . 200 . . . . . . . . . . . . . . 150 . . . . . . . . Destroy Structure 1258 | . 1 . 17 . . . 8 14 23 . . . . 25 . . . . 20 12 6 12 84 28 . . . . 18 642 348 Advance Influence 150 | . . . . . . . . . . . . . . . . . . . 150 . . . . . . . . . . . . Partial Spotted 30 | . . . . . . . . 15 . . . . . . . . . . . . . . . . . . . . . . 15 Lose Combat Pursuer 540 | . 30 . 75 30 . . 75 30 . . 45 . . . 30 . . . 45 . . . 30 . . . 75 . . 30 45 Influence Decreases 12896 | 10 492 30 889 390 150 146 543 116 1214 413 163 27 277 897 97 . . 76 407 719 491 298 473 956 533 530 268 408 200 384 1299 Entered New Map 3193 | . . 19 . 10 150 . 9 86 451 159 15 27 . . 11 . . . 10 5 151 128 73 640 205 46 92 266 6 39 595 Time Decay 7616 | 10 302 11 579 380 . 146 514 . 753 254 148 . 237 509 86 . . 66 367 455 310 110 140 286 318 434 126 142 184 285 464 Lost Part 530 | . 40 . 10 . . . 20 30 10 . . . . 10 . . . 10 10 20 10 . . . 10 30 30 . 10 40 240 Lost Ally 638 | . . . . . . . . . . . . . 40 100 . . . . 20 48 20 60 260 30 . 20 20 . . 20 . Purge Threat 919 | . 150 . 300 . . . . . . . . . . 278 . . . . . 191 . . . . . . . . . . . Squads Dispatched 66 | . 4 . 4 . . . 3 . 11 . . . . 7 . . . . 4 4 . . 7 3 . 1 . . 6 1 11 Investigation 10 | . 2 . . . . . . . . . . . . 1 . . . . 1 1 . . 1 2 . . . . 2 . . Extermination 14 | . . . . . . . . . 7 . . . . 2 . . . . 1 . . . . 1 . . . . . . 3 Reinforcement 30 | . 2 . 4 . . . 3 . 3 . . . . 4 . . . . 2 3 . . 2 . . . . . 4 1 2 Assault 9 | . . . . . . . . . . . . . . . . . . . . . . . 2 . . 1 . . . . 6 Garrison 3 | . . . . . . . . . 1 . . . . . . . . . . . . . 2 . . . . . . . . Intercept . | . . . . . . . . . . . . . . . . . . . . . . . . . . . . . . . . Searches Triggered . | . . . . . . . . . . . . . . . . . . . . . . . . . . . . . . . . Data Miner Redirects 8 | . . . . . . . . . . . . . . . . . . . 1 1 . . . . . . . . . . 6 Construction Impeded . | . . . . . . . . . . . . . . . . . . . . . . . . . . . . . . . . Haulers Reinforced 6 | . . . . . . . . . 2 . . . . 1 . . . . . . . . . . . . . . 2 1 . Active Scanning Responses . | . . . . . . . . . . . . . . . . . . . . . . . . . . . . . . . . Cargo Convoy Interrupts . | . . . . . . . . . . . . . . . . . . . . . . . . . . . . . . . . Stealth | -11 -10 -10 -9 -9 -9 -8 -8 -8 -7 -7 -7 -7 -6 -6 -6 -6 -6 -5 -5 -5 -5 -5 -5 -4 -4 -4 -4 -3 -3 -2 -1 --------- Run | Yrd Mat Min Mat Min Exi Min Mat Gar Fac Low Low Zio Pro Fac Low Low Dat Pro Fac Ext Cet Arc Hub Fac Upp Upp War Pro Res Res Acc Distress Signals 24 | . 1 . 2 . . . 1 . . . . . . . . . . . . 3 2 . 5 . . . . . 6 2 2 Communications Jammed 86 | . . . . . . . . . . . . . . . . . . . . . . . . . . . . . . 1 85 Distress Signals 84 | . . . . . . . . . . . . . . . . . . . . . . . . . . . . . . 1 83 Times Spotted 562 | . 26 2 39 22 . 7 28 26 28 3 7 . 5 22 7 4 . 5 11 26 10 19 27 8 5 17 66 8 14 47 73 Peak Tracking Total 20 | . 6 1 5 4 . 4 3 4 4 3 3 . 4 3 2 4 . 3 5 4 5 1 12 6 3 9 13 5 5 6 20 Tactical Retreats 24 | . 1 . 2 1 . . 5 2 . . 2 . . . 2 . . . 1 . . . 2 . . . 3 . . 2 1 Traps | -11 -10 -10 -9 -9 -9 -8 -8 -8 -7 -7 -7 -7 -6 -6 -6 -6 -6 -5 -5 -5 -5 -5 -5 -4 -4 -4 -4 -3 -3 -2 -1 ------- Run | Yrd Mat Min Mat Min Exi Min Mat Gar Fac Low Low Zio Pro Fac Low Low Dat Pro Fac Ext Cet Arc Hub Fac Upp Upp War Pro Res Res Acc Traps Triggered 20 | . 1 . 3 . . . . 6 2 . . . . . . . . . . 2 . . . 3 . . . . 1 . 2 Indirectly . | . . . . . . . . . . . . . . . . . . . . . . . . . . . . . . . . Trap Hack Attempts . | . . . . . . . . . . . . . . . . . . . . . . . . . . . . . . . . Triggered . | . . . . . . . . . . . . . . . . . . . . . . . . . . . . . . . . Disarmed . | . . . . . . . . . . . . . . . . . . . . . . . . . . . . . . . . Reprogrammed . | . . . . . . . . . . . . . . . . . . . . . . . . . . . . . . . . Reused . | . . . . . . . . . . . . . . . . . . . . . . . . . . . . . . . . Traps Extracted . | . . . . . . . . . . . . . . . . . . . . . . . . . . . . . . . . Installed . | . . . . . . . . . . . . . . . . . . . . . . . . . . . . . . . . Triggered . | . . . . . . . . . . . . . . . . . . . . . . . . . . . . . . . . Machines | -11 -10 -10 -9 -9 -9 -8 -8 -8 -7 -7 -7 -7 -6 -6 -6 -6 -6 -5 -5 -5 -5 -5 -5 -4 -4 -4 -4 -3 -3 -2 -1 ---------- Run | Yrd Mat Min Mat Min Exi Min Mat Gar Fac Low Low Zio Pro Fac Low Low Dat Pro Fac Ext Cet Arc Hub Fac Upp Upp War Pro Res Res Acc Machines Disabled 36 | . 1 . 3 . . . 2 4 . . . . . 2 . . . . 1 2 1 1 11 . . . . . 1 5 2 Max in Single Turn 2 | . 1 . 2 . . . 1 1 . . . . . 1 . . . . 1 1 1 . 1 . . . . . 1 2 1 Garrison Access 3 | . . . . . . . . . 1 . . . . . . . . . . . . . 1 . . . . . 1 . . Garrison Relay 2 | . . . . . . . . 2 . . . . . . . . . . . . . . . . . . . . . . . Machines Repaired . | . . . . . . . . . . . . . . . . . . . . . . . . . . . . . . . . Machines Dismantled . | . . . . . . . . . . . . . . . . . . . . . . . . . . . . . . . . Machines Sabotaged . | . . . . . . . . . . . . . . . . . . . . . . . . . . . . . . . . Overloaded Fab Kills . | . . . . . . . . . . . . . . . . . . . . . . . . . . . . . . . . Hacking | -11 -10 -10 -9 -9 -9 -8 -8 -8 -7 -7 -7 -7 -6 -6 -6 -6 -6 -5 -5 -5 -5 -5 -5 -4 -4 -4 -4 -3 -3 -2 -1 --------- Run | Yrd Mat Min Mat Min Exi Min Mat Gar Fac Low Low Zio Pro Fac Low Low Dat Pro Fac Ext Cet Arc Hub Fac Upp Upp War Pro Res Res Acc Machines Accessed 93 | . 10 . 12 1 5 . 9 2 8 . . . . 11 1 . 4 . 5 6 1 . 5 4 . 1 2 . 3 1 2 Terminals 50 | . 7 . 7 . . . 4 2 5 . . . . 6 . . . . 2 6 1 . 4 3 . . . . 2 . 1 Fabricators 6 | . . . . . . . . . 1 . . . . 2 . . . . 2 . . . . 1 . . . . . . . Repair Stations 4 | . 1 . 2 . . . . . . . . . . 1 . . . . . . . . . . . . . . . . . Recycling Units 7 | . 2 . 2 . . . 2 . . . . . . 1 . . . . . . . . . . . . . . . . . Scanalyzers 4 | . . . 1 . . . 2 . 1 . . . . . . . . . . . . . . . . . . . . . . Garrison Access 8 | . . . . . . . 1 . 1 . . . . 1 . . . . 1 . . . 1 . . . . . 1 1 1 Total Hacks 302 | . 33 . 36 1 50 . 21 5 20 . . . . 32 1 . 30 . 12 16 3 . 10 10 . 1 8 . 8 2 3 Successful 195 | . 15 . 22 1 50 . 16 2 8 . . . . 15 1 . 30 . 4 9 . . 2 9 . 1 8 . 2 . . Failed 107 | . 18 . 14 . . . 5 3 12 . . . . 17 . . . . 8 7 3 . 8 1 . . . . 6 2 3 Catastrophic 20 | . 3 . 1 . . . . 1 1 . . . . 3 . . . . 1 2 1 . 3 . . . . . 3 1 . Database Lockouts . | . . . . . . . . . . . . . . . . . . . . . . . . . . . . . . . . Manual 94 | . 22 . 16 . 1 . 8 . 8 . . 1 . 4 . . . . 7 9 1 . 6 3 . . 1 . 6 . 1 Terminals 144 | . 23 . 24 . . . 9 5 13 . . . . 19 . . . . 8 16 3 . 8 8 . . . . 7 . 1 Fabricators 10 | . . . . . . . . . 2 . . . . 4 . . . . 2 . . . . 2 . . . . . . . Repair Stations 15 | . 6 . 6 . . . . . . . . . . 3 . . . . . . . . . . . . . . . . . Recycling Units 14 | . 4 . 4 . . . 4 . . . . . . 2 . . . . . . . . . . . . . . . . . Scanalyzers 13 | . . . 2 . . . 7 . 4 . . . . . . . . . . . . . . . . . . . . . . Garrison Access 15 | . . . . . . . 1 . 1 . . . . 4 . . . . 2 . . . 2 . . . . . 1 2 2 Terminal Hacks 130 | . 2 . 8 1 50 . 1 2 1 . . . . 10 1 . 30 . 2 7 . . . 6 . 1 8 . . . . Record 69 | . . . . . 49 . . . . . . . . . . . 11 . . 1 . . . . . . 8 . . . . Part Schematic 10 | . . . . . . . . . . . . . . . . . 9 . . . . . . 1 . . . . . . . Robot Schematic 7 | . . . . . . . . . . . . . . . . . 7 . . . . . . . . . . . . . . Robot Analysis 1 | . 1 . . . . . . . . . . . . . . . . . . . . . . . . . . . . . . Prototype ID Bank 3 | . . . . . . . . . . . . . . . . . 3 . . . . . . . . . . . . . . Open Door 3 | . . . . 1 . . . . . . . . . . 1 . . . . . . . . . . 1 . . . . . Level Access Points 1 | . . . . . . . . . . . . . . 1 . . . . . . . . . . . . . . . . . Branch Access Points 4 | . . . 1 . . . . . . . . . . 1 . . . . 1 . . . . 1 . . . . . . . Emergency Access Points 1 | . . . . . . . . 1 . . . . . . . . . . . . . . . . . . . . . . . Unreport Threat 7 | . 1 . 2 . . . . . . . . . . 2 . . . . . 2 . . . . . . . . . . . Locate Traps 5 | . . . 1 . . . . . 1 . . . . 2 . . . . . . . . . 1 . . . . . . . Surveillance Status 1 | . . . 1 . . . . . . . . . . . . . . . . . . . . . . . . . . . . Recall Investigation 1 | . . . . . . . . . . . . . . . . . . . . . . . . 1 . . . . . . . Hauler Manifests 3 | . . . 1 . . . 1 . . . . . . 1 . . . . . . . . . . . . . . . . . Registered Components 2 | . . . . . . . . . . . . . . 1 . . . . . 1 . . . . . . . . . . . Registered Prototypes 2 | . . . 1 . . . . . . . . . . . . . . . . 1 . . . . . . . . . . . Zone Layout 8 | . . . 1 . . . . . . . . . . 2 . . . . 1 2 . . . 2 . . . . . . . Security Stations 1 | . . . . . . . . 1 . . . . . . . . . . . . . . . . . . . . . . . Proto ID Catalog 1 | . . . . . 1 . . . . . . . . . . . . . . . . . . . . . . . . . . Fabricator Hacks 4 | . . . . . . . . . . . . . . 2 . . . . . . . . . 2 . . . . . . . Load Schematic 2 | . . . . . . . . . . . . . . 1 . . . . . . . . . 1 . . . . . . . Build 2 | . . . . . . . . . . . . . . 1 . . . . . . . . . 1 . . . . . . . Repair Station Hacks 9 | . 4 . 4 . . . . . . . . . . 1 . . . . . . . . . . . . . . . . . Scan Component 5 | . 2 . 2 . . . . . . . . . . 1 . . . . . . . . . . . . . . . . . Repair 4 | . 2 . 2 . . . . . . . . . . . . . . . . . . . . . . . . . . . . Recycling Unit Hacks 4 | . 1 . 1 . . . 2 . . . . . . . . . . . . . . . . . . . . . . . . Retrieve Components 4 | . 1 . 1 . . . 2 . . . . . . . . . . . . . . . . . . . . . . . . Scanalyzer 12 | . . . 2 . . . 6 . 4 . . . . . . . . . . . . . . . . . . . . . . Insert Component 6 | . . . 1 . . . 3 . 2 . . . . . . . . . . . . . . . . . . . . . . Analyze 6 | . . . 1 . . . 3 . 2 . . . . . . . . . . . . . . . . . . . . . . Garrison Access Hacks 3 | . . . . . . . 1 . 1 . . . . . . . . . . . . . . . . . . . 1 . . Unlock Access 1 | . . . . . . . 1 . . . . . . . . . . . . . . . . . . . . . . . . Seal Access 2 | . . . . . . . . . 1 . . . . . . . . . . . . . . . . . . . 1 . . Unauthorized Hacks 33 | . 8 . 7 . . . 6 . 2 . . . . 2 . . . . 2 2 . . 2 1 . . . . 1 . . Terminals 32 | . 8 . 7 . . . 5 . 2 . . . . 2 . . . . 2 2 . . 2 1 . . . . 1 . . Assimilate 1 | . . . . . . . . . . . . . . . . . . . 1 . . . . . . . . . . . . Botnet 17 | . 2 . 2 . . . 2 . 2 . . . . 2 . . . . 1 2 . . 2 1 . . . . 1 . . Skim 14 | . 6 . 5 . . . 3 . . . . . . . . . . . . . . . . . . . . . . . . Fabricators . | . . . . . . . . . . . . . . . . . . . . . . . . . . . . . . . . Repair Stations . | . . . . . . . . . . . . . . . . . . . . . . . . . . . . . . . . Recycling Units 1 | . . . . . . . 1 . . . . . . . . . . . . . . . . . . . . . . . . Mask 1 | . . . . . . . 1 . . . . . . . . . . . . . . . . . . . . . . . . Scanalyzers . | . . . . . . . . . . . . . . . . . . . . . . . . . . . . . . . . Garrison Access . | . . . . . . . . . . . . . . . . . . . . . . . . . . . . . . . . Data Cores Recovered 3 | . . . . . . . 1 . . . . . . . . . . . . . . . 1 1 . . . . . . . Used . | . . . . . . . . . . . . . . . . . . . . . . . . . . . . . . . . Hacking Detections 73 | . 10 . 11 . . . 8 1 6 . . . . 10 . . . . 5 6 2 . 5 4 . . . . 2 1 2 Full Trace Events 8 | . 3 . . . . . . . . . . . . 1 . . . . 1 . . . 1 1 . . . . 1 . . Feedback Events 1 | . . . . . . . . . . . . . . . . . . . . . . . . . . . . . 1 . . Hackware Fried 1 | . . . . . . . . . . . . . . . . . . . . . . . . . . . . . 1 . . Feedback Blocked . | . . . . . . . . . . . . . . . . . . . . . . . . . . . . . . . . Robot Schematics Acquired 7 | . . . . . . . . . . . . . . . . . 7 . . . . . . . . . . . . . . Robots Built . | . . . . . . . . . . . . . . . . . . . . . . . . . . . . . . . . Authchips . | . . . . . . . . . . . . . . . . . . . . . . . . . . . . . . . . Time . | . . . . . . . . . . . . . . . . . . . . . . . . . . . . . . . . Total Robot Build Rating . | . . . . . . . . . . . . . . . . . . . . . . . . . . . . . . . . Part Schematics Acquired 16 | . . . 1 . . . 3 . 2 . . . . . . . 9 . . . . . . 1 . . . . . . . Parts Built 1 | . . . . . . . . . . . . . . . . . . . . . . . . 1 . . . . . . . Authchips . | . . . . . . . . . . . . . . . . . . . . . . . . . . . . . . . . Time 408 | . . . . . . . . . . . . . . 204 . . . . . . . . . 204 . . . . . . . Total Part Build Rating 8 | . . . . . . . . . . . . . . . . . . . . . . . . 8 . . . . . . . Parts Repaired 4 | . 2 . 2 . . . . . . . . . . . . . . . . . . . . . . . . . . . . Time 186 | . 52 . 134 . . . . . . . . . . . . . . . . . . . . . . . . . . . . Parts Recycled . | . . . . . . . . . . . . . . . . . . . . . . . . . . . . . . . . Recycled Matter . | . . . . . . . . . . . . . . . . . . . . . . . . . . . . . . . . Retrieved Matter . | . . . . . . . . . . . . . . . . . . . . . . . . . . . . . . . . Retrieved Components 23 | . 3 . 10 . . . 10 . . . . . . . . . . . . . . . . . . . . . . . . Parts Scanalyzed 6 | . . . 1 . . . 3 . 2 . . . . . . . . . . . . . . . . . . . . . . Part Schematics Acquired 6 | . . . 1 . . . 3 . 2 . . . . . . . . . . . . . . . . . . . . . . Parts Damaged 1 | . . . . . . . . . 1 . . . . . . . . . . . . . . . . . . . . . . Bothacking | -11 -10 -10 -9 -9 -9 -8 -8 -8 -7 -7 -7 -7 -6 -6 -6 -6 -6 -5 -5 -5 -5 -5 -5 -4 -4 -4 -4 -3 -3 -2 -1 ------------ Run | Yrd Mat Min Mat Min Exi Min Mat Gar Fac Low Low Zio Pro Fac Low Low Dat Pro Fac Ext Cet Arc Hub Fac Upp Upp War Pro Res Res Acc Used RIF Installer . | . . . . . . . . . . . . . . . . . . . . . . . . . . . . . . . . Robots Hacked . | . . . . . . . . . . . . . . . . . . . . . . . . . . . . . . . . Non-combat . | . . . . . . . . . . . . . . . . . . . . . . . . . . . . . . . . Combat . | . . . . . . . . . . . . . . . . . . . . . . . . . . . . . . . . Robot Hacks Applied . | . . . . . . . . . . . . . . . . . . . . . . . . . . . . . . . . Relay Couplers Released 14 | . . . . . . . . 10 . . . . . . . . . . . . . . 1 . . . . . . . 3 Machine Destruction 11 | . . . . . . . . 10 . . . . . . . . . . . . . . 1 . . . . . . . . Programmers 3 | . . . . . . . . . . . . . . . . . . . . . . . . . . . . . . . 3 Fabnet Peak Effective % . | . . . . . . . . . . . . . . . . . . . . . . . . . . . . . . . . Robots Rewired 11 | . . . . . . . . . . . . . . . . . . . . 8 . . . . . 2 . . . 1 . Allies Hacked . | . . . . . . . . . . . . . . . . . . . . . . . . . . . . . . . . Hacks Repelled . | . . . . . . . . . . . . . . . . . . . . . . . . . . . . . . . . Allies | -11 -10 -10 -9 -9 -9 -8 -8 -8 -7 -7 -7 -7 -6 -6 -6 -6 -6 -5 -5 -5 -5 -5 -5 -4 -4 -4 -4 -3 -3 -2 -1 -------- Run | Yrd Mat Min Mat Min Exi Min Mat Gar Fac Low Low Zio Pro Fac Low Low Dat Pro Fac Ext Cet Arc Hub Fac Upp Upp War Pro Res Res Acc Total Allies 39 | . . . . . . . . . . . . 9 . . . . . . 1 21 5 . . . . 2 . . . 1 . Largest Group 20 | . . . . . . . . . . . . 9 9 6 . . . . 1 17 20 17 14 . . 2 1 . . 1 . Highest-Rated Group 1013 | . . . . . . . . . . . . 358 358 310 . . . . 10 585 1013 797 719 . . 78 30 . . 64 . Highest-Rated Ally 159 | . . . . . . . . . . . . 96 96 96 . . . . 10 159 159 96 96 . . 48 30 . . 64 . Initial Warlord ECA Mod 80 | . . . . . . . . . 7 7 7 7 6 6 4 4 4 3 3 3 3 3 3 2 2 2 2 1 1 . . Warlord Squad Rendezvous 2 | . . . . . . . . . . . . . . 2 . . . . . . . . . . . . . . . . . Muscle 1 | . . . . . . . . . . . . . . 1 . . . . . . . . . . . . . . . . . Pyro 1 | . . . . . . . . . . . . . . 1 . . . . . . . . . . . . . . . . . Total Orders 8 | . . . . . . . . . . . . . . 1 . . . . 1 . . . . 1 . . 2 . . 3 . STAY 1 | . . . . . . . . . . . . . . . . . . . . . . . . . . . 1 . . . . FOLLOW 1 | . . . . . . . . . . . . . . . . . . . . . . . . . . . 1 . . . . EXPLORE 6 | . . . . . . . . . . . . . . 1 . . . . 1 . . . . 1 . . . . . 3 . Ally Attacks 443 | . . . . . . . . . . . . . 38 92 . . . . . 103 47 32 126 . . 3 2 . . . . Total Damage 12335 | . . . . . . . . . . . . . 986 2331 . . . . . 1601 1347 913 4980 . . 102 75 . . . . Kills 66 | . . . . . . . . . . . . . 5 12 . . . . . 13 8 3 22 . . 2 1 . . . . Allies Corrupted 2 | . . . . . . . . . . . . . . . . . . . . . . . 2 . . . . . . . . Allies Melted 3 | . . . . . . . . . . . . . . . . . . . . . 1 . . . . 1 . . . 1 . Intel | -11 -10 -10 -9 -9 -9 -8 -8 -8 -7 -7 -7 -7 -6 -6 -6 -6 -6 -5 -5 -5 -5 -5 -5 -4 -4 -4 -4 -3 -3 -2 -1 ------- Run | Yrd Mat Min Mat Min Exi Min Mat Gar Fac Low Low Zio Pro Fac Low Low Dat Pro Fac Ext Cet Arc Hub Fac Upp Upp War Pro Res Res Acc Active Infowar (turns) 19681 | 29 657 1 . . . . . . 3301 540 460 2289 850 1536 744 384 128 419 967 74 . 2 79 432 696 941 571 509 1125 1833 1114 Sensors 17253 | . . 1 . . . . . . 3250 536 455 2289 846 1277 663 359 128 362 836 63 . 2 78 430 696 941 569 507 1006 1673 286 Structural 16469 | . . . . . . . . . 3256 540 455 2288 845 1223 668 384 128 365 456 . . . 58 350 632 869 569 488 1007 1572 316 Seismic 686 | 29 657 . . . . . . . . . . . . . . . . . . . . . . . . . . . . . . Cloaking 1 | . . . . . . . . . . . . . . . . . . . . . . . . . . 1 . . . . . Jamming 4242 | . . . . . . . . . 13 . . . . 267 74 . . 55 474 11 . . 21 . . . . . 1121 1092 1114 Robot Analysis Total 1 | . 1 . . . . . . . . . . . . . . . . . . . . . . . . . . . . . . Derelict Logs Recovered 7 | . . . . 1 . . . . . 1 . 1 2 . . 1 . . . . . . . . . 1 . . . . . Drone Launches 10 | . . . . . . . . . . . . . . 2 . . . . 2 . . . . 3 . . . . . 3 . Drone Recoveries 1 | . . . . . . . . . . . . . . . . . . . . . . . . . . . . . . 1 . Exploration | -11 -10 -10 -9 -9 -9 -8 -8 -8 -7 -7 -7 -7 -6 -6 -6 -6 -6 -5 -5 -5 -5 -5 -5 -4 -4 -4 -4 -3 -3 -2 -1 ------------- Run | Yrd Mat Min Mat Min Exi Min Mat Gar Fac Low Low Zio Pro Fac Low Low Dat Pro Fac Ext Cet Arc Hub Fac Upp Upp War Pro Res Res Acc Turns Passed 34632 | 111 1756 353 2131 1181 1054 735 1656 1510 4051 554 519 2655 901 1536 744 384 128 422 967 1560 691 239 293 630 711 1073 1022 575 1158 2169 1163 Spaces Moved 15354 | 69 851 213 962 620 476 300 613 593 1455 217 188 1081 351 632 407 221 80 219 483 679 230 92 133 286 393 543 503 301 615 1032 516 Core 47 | 11 . . . . . . . . . . . . . . . . . . . . . . . . . . . . . . 36 Treads 14815 | . 483 213 962 620 476 300 613 593 1455 217 188 1081 351 632 407 221 80 219 483 679 230 92 133 286 393 543 503 301 615 1032 414 Legs 429 | 58 368 . . . . . . . . . . . . . . . . . . . . . . . . . . . . . 3 Wheels . | . . . . . . . . . . . . . . . . . . . . . . . . . . . . . . . . Hover . | . . . . . . . . . . . . . . . . . . . . . . . . . . . . . . . . Flight 63 | . . . . . . . . . . . . . . . . . . . . . . . . . . . . . . . 63 Fastest Speed 34 | 50 120 160 160 160 160 240 160 155 158 238 243 243 243 158 161 161 161 161 162 160 160 160 160 160 163 163 163 163 163 158 34 Average Speed 189 | 117 158 160 160 160 220 240 239 234 237 242 243 243 243 201 161 161 161 161 164 180 160 160 160 162 163 163 163 163 163 160 143 Slowest Speed 400 | 190 190 160 163 160 240 240 240 240 238 243 243 243 243 243 161 161 161 165 165 242 240 160 160 163 163 163 163 163 163 249 400 Overloaded Moves . | . . . . . . . . . . . . . . . . . . . . . . . . . . . . . . . . Propulsion Burnouts . | . . . . . . . . . . . . . . . . . . . . . . . . . . . . . . . . Robots Hopped 2 | . . . . . . . . . . . . . . . . . . . . . . . . . . . . . . . 2 Potential Cave-ins . | . . . . . . . . . . . . . . . . . . . . . . . . . . . . . . . . Cave-ins Triggered . | . . . . . . . . . . . . . . . . . . . . . . . . . . . . . . . . Exploration Rate (%) 53 | 5 92 38 96 97 89 70 54 62 45 43 40 81 55 22 68 49 69 45 21 81 73 74 21 7 61 61 56 52 18 45 20 Regions Visited 31 Branch Regions 20 Pre-discovered Areas 6 | . . . . 1 1 . . . . 1 . 2 . . . . 1 . . . . . . . . . . . . . . Known Exits Taken 24 | . . . 1 . . . 1 . 1 1 1 1 1 1 1 1 1 1 1 1 1 1 1 1 1 1 1 1 1 1 . Unknown Exits Taken 6 | 1 1 1 . 1 1 1 . . . . . . . . . . . . . . . . . . . . . . . . . Scrap Searched 21 | . . . . 1 . . . . . 2 . 5 2 . 2 2 . 1 . . . . . . 2 2 . 2 . . . Spaces Dug 90 | . . . . . . . 2 . 13 1 . . 4 12 2 . . 1 10 . . . 14 7 3 . 6 2 3 6 4 Terrain Destroyed 761 | . . . 8 . . . 8 4 21 1 . . 4 20 2 . . 1 10 2 . 2 14 10 23 49 110 24 9 311 128 Melee 11 | . . . . . . . 2 . 9 . . . . . . . . . . . . . . . . . . . . . . Projectile 134 | . . . . . . . 6 3 12 1 . . 4 12 2 . . 1 10 2 . 2 . 10 8 11 6 3 5 14 22 AOE 616 | . . . 8 . . . . 1 . . . . . 8 . . . . . . . . 14 . 15 38 104 21 4 297 106 Terrain Rammed . | . . . . . . . . . . . . . . . . . . . . . . . . . . . . . . . . Walls Destroyed . | . . . . . . . . . . . . . . . . . . . . . . . . . . . . . . . . Machines Disabled . | . . . . . . . . . . . . . . . . . . . . . . . . . . . . . . . . Actions | -11 -10 -10 -9 -9 -9 -8 -8 -8 -7 -7 -7 -7 -6 -6 -6 -6 -6 -5 -5 -5 -5 -5 -5 -4 -4 -4 -4 -3 -3 -2 -1 --------- Run | Yrd Mat Min Mat Min Exi Min Mat Gar Fac Low Low Zio Pro Fac Low Low Dat Pro Fac Ext Cet Arc Hub Fac Upp Upp War Pro Res Res Acc Total 19581 | 87 1113 223 1407 737 481 315 792 707 1965 232 234 1111 385 802 481 235 79 254 601 918 505 152 165 415 439 659 660 358 716 1496 857 Wait 2014 | 4 135 . 283 73 . 14 126 45 316 . 33 13 16 54 56 . . 12 50 81 199 41 4 49 7 45 82 4 23 173 76 Move 15319 | 68 850 212 961 619 475 299 612 592 1454 216 187 1080 350 631 406 220 79 218 482 678 229 91 132 285 392 542 502 300 614 1031 512 Hop 2 | . . . . . . . . . . . . . . . . . . . . . . . . . . . . . . . 2 Pick Up 185 | 4 15 1 35 3 1 . 14 . 21 1 . 6 . 9 2 3 . 1 5 8 9 1 1 10 6 1 1 1 7 12 7 Fast Attach 179 | 7 6 2 11 . 1 . 8 10 22 1 . 1 1 3 1 1 . . 10 10 13 1 . 10 1 5 15 7 4 16 12 Attach 117 | . 5 . 4 . . 1 7 15 15 . . 1 . 4 1 1 . 1 4 3 3 1 . 6 1 3 2 1 5 13 20 Detach 53 | . . 1 1 . . . 3 12 12 . . 1 . . . 1 . . 1 . 1 . . 1 . . 3 2 1 8 5 Swap 382 | . 4 . 15 1 . . 4 . 51 6 8 4 10 44 8 . . 8 9 14 6 1 6 11 11 16 15 20 29 60 21 Drop 253 | . 8 2 28 3 4 . 11 10 30 2 . 5 1 14 1 2 . . 11 15 21 2 1 18 6 3 13 7 4 28 3 Fire 925 | 4 82 . 66 35 . . . 8 31 6 6 . 7 42 6 7 . 14 29 49 18 14 21 25 15 30 27 16 29 150 188 Melee 24 | . 1 . . . . . 3 5 9 . . . . . . . . . . . 6 . . . . . . . . . . Ram . | . . . . . . . . . . . . . . . . . . . . . . . . . . . . . . . . Kick 2 | . 2 . . . . . . . . . . . . . . . . . . . . . . . . . . . . . . Crush 34 | . 5 5 3 3 . 1 4 . 4 . . . . . . . . . . . . . . . . . . . . . 9 Escape Stasis 12 | . . . . . . . . 10 . . . . . . . . . . . . . . . . . . . . . . 2 Rewire 80 | . . . . . . . . . . . . . . 1 . . . . . 60 . . . . . 14 . . . 5 . Trap . | . . . . . . . . . . . . . . . . . . . . . . . . . . . . . . . . Miscellaneous . | . . . . . . . . . . . . . . . . . . . . . . . . . . . . . . . . Route ------- -11/Scrapyard -10/Materials (discovered 4 exits: *Mat x3 / [*Min]) -10/Mines (discovered 2 exits: *Mat x2) -9/Materials (discovered 4 exits: *Mat x3 / *Min) -9/Mines (discovered 4 exits: *Mat x2 / *Exi / *Zio) -9/Exiles -8/Mines (discovered 2 exits: *Mat x2) -8/Materials (discovered 5 exits: *Fac x2 / [*Sto x2] / Gar) -8/Garrison (discovered 3 exits: *Fac x3) -7/Factory (discovered 3 exits: *Fac x2 / *Low) -7/Lower Caves -7/Lower Caves (discovered 2 exits: *Fac / *Zio) -7/Zion -6/Proximity Caves -6/Factory (discovered 6 exits: *Fac x4 / *Low x2) -6/Lower Caves -6/Lower Caves -6/Data Miner -5/Proximity Caves -5/Factory (discovered 6 exits: *Fac x2 / *Upp x2 / *Ext x2) -5/Extension (discovered 2 exits: *Fac / *Cet) -5/Cetus (discovered 2 exits: *Fac / *Arc) -5/Archives (discovered 3 exits: *Fac / *Hub x2) -5/Hub_04(d) -4/Factory (discovered 2 exits: *Upp x2) -4/Upper Caves -4/Upper Caves -4/Warlord -3/Proximity Caves -3/Research (discovered 2 exits: *Res x2) -2/Research -1/Access History --------- Turn | Location | Event 11 | -11/Scrapyard | Discovered new exit (range 16) 112 | -11/Scrapyard | Entered Materials 322 | -10/Materials | Build established: Mutant 346 | -10/Materials | Discovered new exit (range 7) 516 | -10/Materials | Discovered new exit (range 13) 883 | -10/Materials | Core integrity fell below 50% 961 | -10/Materials | Discovered new exit (range 16) 1012 | -10/Materials | Derelicts attacked the area 1292 | -10/Materials | Discovered new exit (range 13) 1391 | -10/Materials | Repaired Lgt. Assault Rifle 1418 | -10/Materials | Repaired Lgt. Treads 1868 | -10/Materials | Entered Mines 1888 | -10/Mines | Discovered new exit (range 5) 1890 | -10/Mines | Met a Derelict bent on vengeance 1969 | -10/Mines | A weapon hastily lodged in a ceiling crevice suddenly fell to the ground 2143 | -10/Mines | Found a damaged Exp. Sensor Array with a note attached 2147 | -10/Mines | Found Prototype Device 2147 | -10/Mines | Identified Exp. Sensor Array 2170 | -10/Mines | Discovered new exit (range 6) 2221 | -10/Mines | Entered Materials 2221 | -9/Materials | Evolved 2 slots: Propulsion x1, Weapon x1 2514 | -9/Materials | Build established: Gunner 2616 | -9/Materials | Discovered new exit (range 16) 2853 | -9/Materials | Repaired Exp. Sensor Array 3192 | -9/Materials | Repaired Lgt. Treads 3312 | -9/Materials | Discovered new exit (range 11) 3569 | -9/Materials | Identified exit to Mines 3723 | -9/Materials | Discovered new exit (range 16) 4068 | -9/Materials | Discovered new exit (range 10) 4296 | -9/Materials | Learned Storage emergency access door positions 4348 | -9/Materials | Learned Storage security intel 4352 | -9/Materials | Entered Mines 4371 | -9/Mines | Received a Rocket Launcher from a helpful Derelict 4507 | -9/Mines | Discovered new exit (range 6) 4660 | -9/Mines | Deemed a non-threat by the Exiles lab entrance 4660 | -9/Mines | Discovered new exit (range 5) 4715 | -9/Mines | A Derelict revealed a hidden shortcut to a safe place 4805 | -9/Mines | Learned location of 1 exit from Lower Caves 4840 | -9/Mines | Learned location of Storage (-8) 4977 | -9/Mines | Discovered new exit (range 8) 5048 | -9/Mines | Met a Derelict who couldn't figure out how to use a Trap Extractor 5533 | -9/Mines | Entered Exiles 5577 | -9/Exiles | Met 8R-AWN 5599 | -9/Exiles | Met EX-HEX 5649 | -9/Exiles | Met EX-BIN 5666 | -9/Exiles | Aligned with FarCom system 5668 | -9/Exiles | Given EX-Vault access code 5705 | -9/Exiles | Opened EX-Vault 5717 | -9/Exiles | Found AWS/Autocannon 5722 | -9/Exiles | Found Longsword +1 5768 | -9/Exiles | Warned to stay clear of 0b10 Research branches 5838 | -9/Exiles | Met EX-DEC 5850 | -9/Exiles | Learned location of Zion (-7) 5976 | -9/Exiles | Visited The Gauntlet 6558 | -9/Exiles | Discovered new exit (range 14) 6587 | -9/Exiles | Stole two prototypes: AWS/Autocannon, Longsword +1 6587 | -9/Exiles | Entered Mines 6894 | -8/Mines | Build established: Skirmisher 7145 | -8/Mines | Discovered new exit (range 5) 7226 | -8/Mines | Discovered new exit (range 7) 7322 | -8/Mines | Entered Materials 7322 | -8/Materials | Evolved 2 slots: Utility x2 7849 | -8/Materials | Discovered new exit (range 15) 8184 | -8/Materials | Discovered new exit (range 15) 8751 | -8/Materials | Discovered new exit (range 7) 8760 | -8/Materials | Discovered new exit (range 9) 8976 | -8/Materials | Identified exit to Garrison 8978 | -8/Materials | Entered Garrison 9165 | -8/Garrison | Learned Factory security intel 9344 | -8/Garrison | Triggered checkpoint 9386 | -8/Garrison | Triggered checkpoint 9421 | -8/Garrison | Triggered checkpoint 9446 | -8/Garrison | Triggered checkpoint 9552 | -8/Garrison | Discovered new exit (range 12) 9588 | -8/Garrison | System corruption reached 10% 9652 | -8/Garrison | Triggered checkpoint 9700 | -8/Garrison | Garrison Relay disabled 9882 | -8/Garrison | Discovered new exit (range 12) 9976 | -8/Garrison | Triggered checkpoint 10010 | -8/Garrison | Garrison Relay disabled 10368 | -8/Garrison | Discovered new exit (range 13) 10488 | -8/Garrison | Entered Factory 10488 | -7/Factory | Evolved 2 slots: Propulsion x1, Utility x1 10490 | -7/Factory | FarCom data flow suspended 11334 | -7/Factory | Discovered new exit (range 5) 11343 | -7/Factory | Identified exit to Factory 12420 | -7/Factory | Discovered exit to Factory (range 5) 13232 | -7/Factory | Garrison activated, responded to threat 14197 | -7/Factory | Discovered new exit (range 2) 14199 | -7/Factory | Identified exit to Lower Caves 14539 | -7/Factory | Entered Lower Caves 14540 | -7/Lower Caves | Identified exit to Lower Caves 14541 | -7/Lower Caves | Attracted the attention of an 0b10 checkpoint 14559 | -7/Lower Caves | Met a Warlord Commander 14560 | -7/Lower Caves | Learned location of Warlord (-4) 14561 | -7/Lower Caves | Warlord Commander delivered Encrypted Comm Array 14566 | -7/Lower Caves | Found Encrypted Comm Array 14746 | -7/Lower Caves | Learned Factory terminal intel 14883 | -7/Lower Caves | Encountered a Warlord checkpoint 15093 | -7/Lower Caves | Entered another Lower Caves area 15093 | -7/Lower Caves | Spotted 9U-KK3(f) 15093 | -7/Lower Caves | Spotted 8P-8E7(f) 15094 | -7/Lower Caves | Longsword +1 stolen by Master Thief 15094 | -7/Lower Caves | Exp. Sensor Array stolen by Master Thief 15095 | -7/Lower Caves | Encountered a Master Thief 15095 | -7/Lower Caves | Encountered a Master Thief 15148 | -7/Lower Caves | Discovered exit to Factory (range 13) 15591 | -7/Lower Caves | Discovered new exit (range 10) 15610 | -7/Lower Caves | Identified exit to Zion 15612 | -7/Lower Caves | Entered Zion 15688 | -7/Zion | System corruption cleaned by Quarantine Array 15908 | -7/Zion | Found Prototype Special Weapon 15908 | -7/Zion | Identified RU-N14's Throwing Claymores 15922 | -7/Zion | Found RU-N14's Throwing Claymores 15925 | -7/Zion | Found RU-N14's Throwing Claymores 16074 | -7/Zion | Gained Derelict followers 16498 | -7/Zion | Given A8's code to call for help 17509 | -7/Zion | Enhanced Grunt warped into view, answering call for help 17509 | -7/Zion | Enhanced Grunt warped into view, answering call for help 17915 | -7/Zion | Discovered new exit (range 14) 18010 | -7/Zion | Gained Derelict followers 18207 | -7/Zion | Build established: Gunner 18258 | -7/Zion | Identified exit to Proximity Caves 18267 | -7/Zion | Entered Proximity Caves 18267 | -6/Proximity Caves | Accompanied by 9 allies 18409 | -6/Proximity Caves | Learned 4 Factory zone layouts 18828 | -6/Proximity Caves | Build established: Skirmisher 19086 | -6/Proximity Caves | Discovered exit to Factory (range 5) 19093 | -6/Proximity Caves | Learned location of 1 exit from Factory 19168 | -6/Proximity Caves | Entered Factory 19168 | -6/Factory | Accompanied by 6 allies 19168 | -6/Factory | Evolved 2 slots: Utility x2 19169 | -6/Factory | Identified exit to Factory 19171 | -6/Factory | Loaded intel: 26 terminal locations 20242 | -6/Factory | Joined by Warlord Muscle squad 20279 | -6/Factory | P-60 Hacker assimilated allied NM-94E(l) 20322 | -6/Factory | Identified exit to Lower Caves 20332 | -6/Factory | Joined by Warlord Pyro squad 20704 | -6/Factory | Entered Lower Caves 20704 | -6/Lower Caves | Spotted VZ-G7Q(f) 20704 | -6/Lower Caves | Spotted T5-XU0(f) 20705 | -6/Lower Caves | RU-N14's Throwing Claymores stolen by Master Thief 20705 | -6/Lower Caves | Cold Fusion Reactor stolen by Master Thief 20706 | -6/Lower Caves | Encountered a Master Thief 20706 | -6/Lower Caves | Encountered a Master Thief 21384 | -6/Lower Caves | Discovered new exit (range 11) 21447 | -6/Lower Caves | Identified exit to Lower Caves 21448 | -6/Lower Caves | Entered another Lower Caves area 21449 | -6/Lower Caves | Encountered a Warlord checkpoint 21587 | -6/Lower Caves | Learned 12 Factory zone layouts 21739 | -6/Lower Caves | Spotted M2-FN4(f) 21739 | -6/Lower Caves | Spotted H3-YMM(f) 21739 | -6/Lower Caves | Spotted EF-4NR(f) 21740 | -6/Lower Caves | Encountered a Master Thief 21740 | -6/Lower Caves | Encountered a Master Thief 21740 | -6/Lower Caves | Encountered a Master Thief 21741 | -6/Lower Caves | Cold Fusion Reactor stolen by Master Thief 21742 | -6/Lower Caves | Energy Well stolen by Master Thief 21744 | -6/Lower Caves | Encrypted Comm Array stolen by Master Thief 21746 | -6/Lower Caves | Spotted P6-KYU(f) 21747 | -6/Lower Caves | Encountered a Master Thief 21760 | -6/Lower Caves | Tactical Coordination Suite stolen by Master Thief 21761 | -6/Lower Caves | Destroyed P6-KYU(f) 21786 | -6/Lower Caves | Discovered new exit (range 9) 21831 | -6/Lower Caves | Identified exit to Data Miner 21832 | -6/Lower Caves | Entered Data Miner 21832 | -6/Data Miner | Discovered new exit (range 6) 21863 | -6/Data Miner | Met Data Miner 21894 | -6/Data Miner | Learned location of Section 7 (-2) 21894 | -6/Data Miner | Acquired the access code to Warlord's prototype stash 21921 | -6/Data Miner | Received God Mode back door access code from Data Miner 21958 | -6/Data Miner | Identified exit to Proximity Caves 21960 | -6/Data Miner | Entered Proximity Caves 21963 | -5/Proximity Caves | Spotter reported a threat 22258 | -5/Proximity Caves | Attracted the attention of an 0b10 checkpoint 22356 | -5/Proximity Caves | Discovered exit to Factory (range 15) 22382 | -5/Proximity Caves | Entered Factory 22382 | -5/Factory | Evolved 2 slots: Power x1, Utility x1 22383 | -5/Factory | Identified exit to Upper Caves 22384 | -5/Factory | Identified exit to Factory 22592 | -5/Factory | Incoming investigation squad redirected 22792 | -5/Factory | Identified exit to Extension 22868 | -5/Factory | P-70 Sage assimilated allied Technician 6a 23228 | -5/Factory | Build established: Gunner 23237 | -5/Factory | Discovered exit to Factory (range 56) 23349 | -5/Factory | Entered Extension 23417 | -5/Extension | Rescued a captive Derelict 23436 | -5/Extension | Rescued a captive Derelict 23438 | -5/Extension | Rescued a captive Derelict 23439 | -5/Extension | Rescued a captive Derelict 23439 | -5/Extension | Rescued a captive Derelict 23544 | -5/Extension | Rescued a captive Derelict 23818 | -5/Extension | Build established: Commander-Gunner 24184 | -5/Extension | Incoming investigation squad redirected 24200 | -5/Extension | Spotted B-75 Beast 24206 | -5/Extension | Allies destroyed B-75 Beast 24238 | -5/Extension | Spotted B-75 Beast 24242 | -5/Extension | Destroyed B-75 Beast 24299 | -5/Extension | Disrupted transfer network 24335 | -5/Extension | Rescued a captive Derelict 24476 | -5/Extension | Rescued a captive Derelict 24494 | -5/Extension | Rescued A7 24553 | -5/Extension | Build established: Scavenger-Gunner 24727 | -5/Extension | Rescued a captive Derelict 24729 | -5/Extension | Rescued a captive Derelict 24777 | -5/Extension | Rescued a captive Derelict 24804 | -5/Extension | Rescued a captive Derelict 24851 | -5/Extension | Discovered exit to Factory (range 10) 24852 | -5/Extension | Discovered new exit (range 6) 24878 | -5/Extension | Identified exit to Cetus 24909 | -5/Extension | Entered Cetus 24909 | -5/Cetus | Accompanied by 16 allies (A7) 24914 | -5/Cetus | Acquired a Cetus Manufacturing Module code from A7 24929 | -5/Cetus | Spotted Cetus Guard 24929 | -5/Cetus | Spotted Cetus Guard 24934 | -5/Cetus | Spotted Cetus Guard 24936 | -5/Cetus | Allies destroyed Cetus Guard 24941 | -5/Cetus | Spotted Cetus Guard 24949 | -5/Cetus | Destroyed Cetus Guard 24956 | -5/Cetus | Destroyed Cetus Guard 24956 | -5/Cetus | Allies destroyed Cetus Guard 25067 | -5/Cetus | Started Cetus Manufacturing Module 25092 | -5/Cetus | Manufactured an Enhanced Grunt 25117 | -5/Cetus | Manufactured an Enhanced Grunt 25142 | -5/Cetus | Manufactured an Enhanced Grunt 25167 | -5/Cetus | Manufactured an Enhanced Grunt 25192 | -5/Cetus | Manufactured an Enhanced Grunt 25236 | -5/Cetus | Escorted A7 to Cetus Mainframe 25298 | -5/Cetus | Discovered new exit (range 16) 25358 | -5/Cetus | Spotted Cetus Guard 25358 | -5/Cetus | Spotted Cetus Guard 25363 | -5/Cetus | Spotted Cetus Guard 25365 | -5/Cetus | Allies destroyed Cetus Guard 25366 | -5/Cetus | Spotted Cetus Guard 25370 | -5/Cetus | Allies destroyed Cetus Guard 25373 | -5/Cetus | Allies destroyed Cetus Guard 25375 | -5/Cetus | Allies destroyed Cetus Guard 25385 | -5/Cetus | Discovered exit to Factory (range 16) 25399 | -5/Cetus | Met Revision 17 25488 | -5/Cetus | Identified exit to Archives 25560 | -5/Cetus | Murdered A7 25561 | -5/Cetus | Extracted ID and sensor layout for unrecognized location from A7's data core 25573 | -5/Cetus | Found Prototype Protection 25573 | -5/Cetus | Identified Med. Regenerative Plating 25600 | -5/Cetus | Entered Archives 25600 | -5/Archives | Accompanied by 17 allies 25664 | -5/Archives | Lost 3 allies 25678 | -5/Archives | Discovered exit to Factory (range 16) 25703 | -5/Archives | Discovered new exit (range 15) 25791 | -5/Archives | Discovered new exit (range 15) 25816 | -5/Archives | Identified exit to Hub_04(d) 25839 | -5/Archives | Entered Hub_04(d) 25839 | -5/Hub_04(d) | Accompanied by 14 allies 26016 | -5/Hub_04(d) | Garrison activated, responded to threat 26068 | -5/Hub_04(d) | Discovered exit to Factory (range 15) 26071 | -5/Hub_04(d) | Lost 11 allies 26115 | -5/Hub_04(d) | Lost 3 allies 26132 | -5/Hub_04(d) | Entered Factory 26132 | -4/Factory | Evolved 2 slots: Propulsion x1, Utility x1 26307 | -4/Factory | Identified exit to Upper Caves 26419 | -4/Factory | Found Prototype Launcher 26419 | -4/Factory | Identified Mni. Smartbomb Launcher 26444 | -4/Factory | Build established: Scavenger-Skirmisher 26529 | -4/Factory | Fabricated Exp. Sensor Array? 26569 | -4/Factory | Destroyed 7 combat bots 26762 | -4/Factory | Entered Upper Caves 26769 | -4/Upper Caves | System corruption reached 10% 27055 | -4/Upper Caves | Attracted the attention of an 0b10 checkpoint 27124 | -4/Upper Caves | Found DCF Scrap (14 items) 27466 | -4/Upper Caves | Discovered new exit (range 4) 27467 | -4/Upper Caves | Encountered a Warlord checkpoint 27471 | -4/Upper Caves | Identified exit to Upper Caves 27473 | -4/Upper Caves | Entered another Upper Caves area 27702 | -4/Upper Caves | Attracted the attention of an 0b10 checkpoint 27840 | -4/Upper Caves | Attracted the attention of an 0b10 outpost 27928 | -4/Upper Caves | Destroyed 9 combat bots 28175 | -4/Upper Caves | Build established: Scavenger-Tank 28409 | -4/Upper Caves | Learned Research terminal intel 28513 | -4/Upper Caves | Discovered new exit (range 15) 28534 | -4/Upper Caves | Identified exit to Warlord 28546 | -4/Upper Caves | Entered Warlord 28546 | -4/Warlord | Accompanied by 1 ally 28600 | -4/Warlord | System corruption cleaned by Quarantine Array 28679 | -4/Warlord | Received a Watcher feed algorithm from an ecstatic Tinkerer 28827 | -4/Warlord | Opened Warlord's prototype stash 28833 | -4/Warlord | Found Prototype Reactor 28840 | -4/Warlord | Found Prototype Device 28840 | -4/Warlord | Identified Exp. Phase Shifter 28855 | -4/Warlord | Found Prototype Device 28855 | -4/Warlord | Identified Thermal Barrier 28996 | -4/Warlord | Met Warlord 29002 | -4/Warlord | Build established: Scavenger-Skirmisher 29021 | -4/Warlord | Warlord's base attacked by MAIN.C 29253 | -4/Warlord | Lost 3 allies 29355 | -4/Warlord | Lost 3 allies 29371 | -4/Warlord | Warlord forces counterattacked 29432 | -4/Warlord | Spotted Striker 29450 | -4/Warlord | Build established: Scavenger-Gunner 29464 | -4/Warlord | Spotted Executioner 29485 | -4/Warlord | Spotted Executioner 29517 | -4/Warlord | Lost 10 allies 29519 | -4/Warlord | Found Prototype Device 29519 | -4/Warlord | Identified Adv. Kinecellerator 29522 | -4/Warlord | Spotted Striker 29523 | -4/Warlord | Spotted Executioner 29524 | -4/Warlord | P-70 Sage assimilated allied ZL-GQN(l) 29538 | -4/Warlord | Discovered new exit (range 15) 29564 | -4/Warlord | Identified exit to Proximity Caves 29568 | -4/Warlord | Entered Proximity Caves 29569 | -3/Proximity Caves | Lost 3 parts (1p1u1w) 29851 | -3/Proximity Caves | Build established: Scavenger-Skirmisher 30099 | -3/Proximity Caves | Discovered new exit (range 12) 30132 | -3/Proximity Caves | Identified exit to Research 30143 | -3/Proximity Caves | Entered Research 30143 | -3/Research | Evolved 2 slots: Power x1, Utility x1 30144 | -3/Research | Loaded intel: 23 terminal locations 30291 | -3/Research | Found Prototype Hackware 30291 | -3/Research | Identified Exp. System Shield 30343 | -3/Research | Revision forces began assault on 0b10 30394 | -3/Research | Met up with Revision 17++ 30439 | -3/Research | Spotted B-86 Titan 30542 | -3/Research | Adv. Hacking Suite fried by hacking feedback 30619 | -3/Research | Discovered new exit (range 10) 30658 | -3/Research | Identified exit to Research 30843 | -3/Research | Research terminal network offline 31166 | -3/Research | Spotted Striker 31187 | -3/Research | Destroyed Striker 31225 | -3/Research | Lost 3 allies 31281 | -3/Research | Discovered exit to Research (range 11) 31301 | -3/Research | Entered another Research area 31301 | -2/Research | Warlord forces began assault on 0b10 31301 | -2/Research | Evolved 2 slots: Propulsion x1, Utility x1 31411 | -2/Research | Research machine network offline 31482 | -2/Research | Spotted B-90 Cyclops 31692 | -2/Research | Borebot progress halted 31697 | -2/Research | Lost 3 allies 31895 | -2/Research | Found Prototype Launcher 31895 | -2/Research | Identified Tactical Quantum Warhead 32030 | -2/Research | Borebot progress halted 32101 | -2/Research | Borebot progress halted 32164 | -2/Research | Found Prototype Device 32164 | -2/Research | Identified Exp. Focal Shield 32210 | -2/Research | Found Quantum Capacitor 32293 | -2/Research | Found Prototype Processor 32293 | -2/Research | Identified Exp. Targeting Computer 32601 | -2/Research | Spotted Executioner 32673 | -2/Research | Spotted Executioner 32681 | -2/Research | Destroyed Executioner 32697 | -2/Research | Spotted Executioner 32702 | -2/Research | Destroyed Executioner 32739 | -2/Research | Spotted Executioner 32746 | -2/Research | Spotted Executioner 32749 | -2/Research | Destroyed Executioner 32754 | -2/Research | Destroyed Executioner 32778 | -2/Research | Spotted Striker 32792 | -2/Research | Destroyed 8 combat bots 32796 | -2/Research | Destroyed Striker 32805 | -2/Research | Given Cave Seal Controls access code 32854 | -2/Research | Spotted Striker 32872 | -2/Research | Destroyed Striker 32989 | -2/Research | Spotted Striker 33008 | -2/Research | Destroyed Striker 33106 | -2/Research | Discovered new exit (range 4) 33109 | -2/Research | Identified exit to Access 33295 | -2/Research | Spotted Executioner 33312 | -2/Research | Destroyed Executioner 33321 | -2/Research | Found Corrupted Prototype Processor 33321 | -2/Research | Identified Exp. Core Analyzer 33470 | -2/Research | Entered Access 33470 | -1/Access | Evolved 2 slots: Utility x2 33885 | -1/Access | Lost 3 parts (1p2u) 33970 | -1/Access | First assault squad dispatched 33974 | -1/Access | Build established: Scavenger-Mutant 34048 | -1/Access | Incoming assault squad redirected 34155 | -1/Access | Destroyed 9 combat bots 34236 | -1/Access | Incoming assault squad redirected 34261 | -1/Access | Incoming assault squad redirected 34261 | -1/Access | Identified Vortex Chain Reactor 34326 | -1/Access | Lost 8 parts (3p1n2u2w) 34489 | -1/Access | Incoming assault squad redirected 34497 | -1/Access | Incoming assault squad redirected 34502 | -1/Access | System corruption reached 10% 34514 | -1/Access | Spotted B-99 Colossus 34539 | -1/Access | Destroyed B-99 Colossus 34584 | -1/Access | Released all parts (15) 34588 | -1/Access | Incoming assault squad redirected 34613 | -1/Access | Lost 6 parts (1p2n1u2w) 34614 | -1/Access | Spotted B-99 Colossus 34621 | -1/Access | Core integrity fell below 50% 34629 | -1/Access | Core integrity fell below 20% 34633 | -1/Access | Destroyed by B-99 Colossus with Multirail Last Messages --------------- 34619_ K-01 Serf destroyed. 34620_ Stasis field depleted. 34620_ Nuclear Pulse Array destroyed. 34620_ Critical hit (Burn: +37). 34621_ K-01 Serf collects debris. 34623_ Nuclear Pulse Array destroyed. 34625_ Knocked back. 34625_ G-73 Enforcer knocked back. 34625_ Slug penetrates G-73 Enforcer. 34625_ Slug penetrates Wall. 34626_ G-73 Enforcer suffers critical hit (Burn). 34626_ Critical hit (Burn: +37). 34626_ K-01 Serf collects debris. 34629_ Knocked back. 34629_ Penetrated by Slug. 34629_ Slug penetrates Scanalyzer. 34629_ Penetrated by Slug. 34629_ Acquired 1 matter. 34633_ Slug penetrates Wall. Map ----- +----------------------------------------------------+ | #??????# #?# ## ???????????????? | | #??????# ### "# ????????????????? | | #??????# % # ??????????????????? | | #??????# # """""???????????????????? | | /####??????# + """""???????????????????? | | ?????????# # """""???????????????????? | | ??????????# * " """""???????????????????? | | ???????????####% # """""???????????????????? | | ??????????????#= # ??????????????????? | | ??????????????# # ????????????????? | | ??????????????# ==##############?????????????? | | ??????????????# ==#?????? ?????????????? | | ?????????????## % #####? ?????????????? | | ?????????????#" g #? ??????????????? | | ???????????#### g # "" ""???????????????? | | ????????/ g gg # ""S""???????????????? | | ?????????###### g + """" ???????????????? | | ??????????????# # #????????????? | | ??????????????# # #????????????? | | ??????????????### ### #?#########????????????? | | ????????????????# ??# #??????????????????????? | | ????????????????###??# l #??????????????????????? | | ?????????????????????# g #??????????????????????? | | ?????????????????????# #??????????????????????? | | ?????????????????????# g #??????????????????????? | | ?????????????????????# @#??????????????????????? | | ?????????????????????# #??????????????????????? | | ?????????????????????# #??????????????????????? | | ?????????????????????# #??????????????????????? | | ?????????????????????# #??????????????????????? | | ?????????????????????# #??????????????????????? | | ?????????????????????# #??????????????????????? | | ?????????????????????# #??????????????????????? | | ?????????????????????# #??????????????????????? | | ????????????????????? #???????????????????????? | | ????????????????????? ????????????????????????? | | ????????????????????# ????????????????????????? | | ????????????????????# ????????????????????????? | | ????????????????????# ????????????????????????? | | ????????????????????? ????????????????????????? | | ??????????????????????? ????????????????????????? | | ?????????????????????????????????????????????????? | | ?????????????????????????????????????????????????? | | ?????????????????????????????????????????????????? | | ?????????????????????????????????????????????????? | | ?????????????????????????????????????????????????? | | ?????????????????????????????????????????????????? | | ?????????????????????????????????????????????????? | | ?????????????????????????????????????????????????? | | ?????????????????????????????????????????????????? | +----------------------------------------------------+ Best States ------------- Heat Dissipation 125 Coolant Potential 100 Energy Generation 75 Energy Capacity 950 Matter Stores 300 Matter Capacity 300 Sight Range 16 Robot Scan Range 20 Terrain Scan Density 10 Jamming Range 16 Base Temperature (-) 200 Armor Coverage 450 Resistance: KI 30 Resistance: TH 50 Weapon Cycling 20 Phase Shifting 20 Evasion (%) 62 Targeting Accuracy 13 Core Analysis 8 Recoil Reduction 6 Matter Filtering 30 Kinecelleration 50 Salvage Targeting 3 Offensive Hacking 14 Defensive Hacking 16 Item Schematics ----------------- Hcp. Storage Unit | -9/Materials | Scanalyzed Exp. Sensor Array | -8/Materials | Scanalyzed Lrg. Storage Unit | -8/Materials | Scanalyzed Structural Scanner | -8/Materials | Scanalyzed Core Analyzer | -7/Factory | Scanalyzed Adv. Terrain Scan Processor | -7/Factory | Scanalyzed Combat Drone Bay | -6/Data Miner | Free Lgt. Regenerative Plating | -6/Data Miner | Free Enh. Armored Leg | -6/Data Miner | Free Imp. Matter Compressor | -6/Data Miner | Free Neutron Cannon | -6/Data Miner | Free Adv. VSS Leg | -6/Data Miner | Free Adv. Transmission Jammer | -6/Data Miner | Free HERF Cannon | -6/Data Miner | Free Impulse Thruster Array | -6/Data Miner | Free Enh. Hardcell Cannon | -4/Factory | Hacked Robot Schematics ------------------ R-10 Processor | -6/Data Miner | Free M-22 Extractor | -6/Data Miner | Free B-60 Warrior | -6/Data Miner | Free A-15 Conveyor | -6/Data Miner | Free A-27 Freighter | -6/Data Miner | Free L-61 Swordsman | -6/Data Miner | Free M-30 Cleanser | -6/Data Miner | Free Fabricated ------------ Exp. Sensor Array | x1 | -4/Factory Repaired ---------- Lgt. Assault Rifle | 22% | -10/Materials Lgt. Treads | 36% | -10/Materials Exp. Sensor Array | 62% | -9/Materials Lgt. Treads | 58% | -9/Materials Alien Tech Used ----------------- None Achievements -------------- None Challenges ------------ None Game ------ Seed InterceptZioniteRouter Manual? 0 Play Time 05:33:56 Cumulative 65.9 hours Start 2025.05.08 @ 16:56:04 End 2025.05.09 @ 01:50:01 Sessions 5 Manual Loads 0 Difficulty Rogue Special Mode None Game No. 17 Rogue 17 Adventurer 0 Explorer 0 Win Type - Total 5 Types 0/0/3/0/0/0/2/0/0/0 Lore% 40 Gallery% 45 Achievement% 64 Wizard Run 0 Options --------- Layout 1 ASCII 0 Keyboard 0 Movement Arrows Keybinds 0 Fullscreen 2 Font 24/Terminus Map View 50x35 Zoom Use 0% Tactical HUD 1 Map Filters NONE Filters NONE Steam 1 RUN: 9bed1f8f-0d2e-4837-a22a-f29abb078a88